Cogmind - Beta 13 X1 @@@ ROGUE MODE // 2023.07.03 @ 11:05:21 Player: Plexion Result: Escaped singularity! Performance ------------- Evolutions (9) 4500 Regions Visited (36) 7200 Robots Destroyed (399) 1995 Value Destroyed (20832) 20832 Prototype IDs (312) 6240 Alien Tech Used (13) 2600 Bonus (58273) 58273 TOTAL SCORE: 101640 Bonus ------- Triggered Max Security 2000 High Alert Combat Kills 4333 Follower Combat Kills 4063 Entered Garrisons 200 Used RIF Installer 500 Network Hubs Disabled 200 Met Data Miner 300 Triggered Deep Caves Wall 500 Exposed GOLEM Chamber 500 Met Zhirov 300 Built Enhanced Grunts 300 Met R17 at Cetus 500 Used Core Reset Matrix 3000 Integrated Exoskeleton 5000 Recovered Sigix Corpse 4000 Destroyed MAIN.C Guards 500 Met MAIN.C 5000 Destroyed MAIN.C Shell 5000 Destroyed MAIN.C 10000 Met Architect 300 Destroyed A8 300 Destroyed Architect 15000 Win 3000 Friendly Fire -6523 Cogmind --------- Core Integrity 1216/1600 Matter 290/300 Energy 338/340 System Corruption 0% Temperature Cool (0) Movement Walking (30) Location Near Former Tau Ceti IV Parts ------- > --- POWER (1) -------- Zero-point Reactor > --- PROPULSION (3) --- Sigix Exoskeleton > --- UTILITY (6) ------ Experimental Coolant Injector Experimental Targeting Computer Experimental Core Analyzer Graphene Brace AEGIS Remote Shield > --- WEAPON (3) ------- Sigix Sheargun Core Cannon > --- INVENTORY (9) ---- Zionite Biocell (600) Advanced Weapon Cycler Advanced Phase Shifter AEGIS Remote Shield Sigix Sheargun Sigix Sheargun Sigix Corpse Sigix Corpse Peak State ------------ > --- POWER ------------ Zero-point Reactor > --- PROPULSION ------- Sigix Exoskeleton > --- UTILITY ---------- Experimental Coolant Injector Experimental Targeting Computer Experimental Core Analyzer Advanced Phase Shifter Graphene Brace AEGIS Remote Shield > --- WEAPON ----------- Sigix Sheargun Core Cannon > --- INVENTORY -------- Experimental Energy Well Zionite Biocell Advanced Weapon Cycler AEGIS Remote Shield Sigix Sheargun Sigix Sheargun Sigix Corpse Sigix Corpse [Rating: 260] Favorites ----------- Power Micro Nuclear Core Engine Makeshift Power Source Power Core Micro Nuclear Core Reactor Assembled Flux Generator Propulsion Assembled Alloy Leg Treads Light Treads Leg Assembled Alloy Leg Wheel Wheel Utility Huge Storage Unit Device GOLEM Unit Storage Huge Storage Unit Processor Advanced Targeting Computer Hackware Advanced Hacking Suite Protection Assembled Alloy Armor Weapon Assembled Focal Cannon Energy Gun Sigix Sheargun Energy Cannon Assembled Focal Cannon Ballistic Gun Gauss Rifle Launcher Long-range Missile Launcher Special Weapon Remote Datajack Impact Weapon Heavy Flail Slashing Weapon Makeshift Axe Piercing Weapon CR-A16's Behemoth Slayer Build | -11 -10 -10 -9 -9 -8 -8 -7 -7 -7 -7 -6 -6 -6 -6 -6 -6 -6 -6 -5 -5 -5 -5 -5 -5 -4 -4 -4 -4 -3 -3 -3 -3 -2 -1 -1 -1 ------- Run | Jun Mat Sub Mat Min Mat Gar Fac Low Low Dat Pro Fac Was Fac Low Low Zio Dee Pro Fac Ext Cet Arc Hub Fac Upp Upp Zhi Pro Res Qua Sec Res Acc Com Ac0 Slots Evolved 18 | . . . 2 . 2 . 2 . . . . 2 . . . . . . . 2 . . . . 2 . . . . 2 . . 2 2 . . Power 2 | . . . . . . . 1 . . . . . . . . . . . . . . . . . 1 . . . . . . . . . . . Propulsion 3 | . . . 1 . 1 . . . . . . . . . . . . . . . . . . . . . . . . 1 . . . . . . Utility 12 | . . . 1 . 1 . 1 . . . . 2 . . . . . . . 2 . . . . 1 . . . . 1 . . 1 2 . . Weapon 1 | . . . . . . . . . . . . . . . . . . . . . . . . . . . . . . . . . 1 . . . Parts Attached 396 | 6 7 14 12 9 9 27 44 . 4 2 11 13 5 4 . 7 13 36 11 9 7 3 1 7 5 2 5 12 4 41 22 23 2 3 13 3 Power 28 | 1 1 2 . 2 1 3 4 . . . 1 . 2 . . . . 2 . . . . . . 1 . . 1 . 2 1 3 . . 1 . Engine 8 | 1 1 2 . 2 1 1 . . . . . . . . . . . . . . . . . . . . . . . . . . . . . . Core 7 | . . . . . . 2 4 . . . 1 . . . . . . . . . . . . . . . . . . . . . . . . . Reactor 13 | . . . . . . . . . . . . . 2 . . . . 2 . . . . . . 1 . . 1 . 2 1 3 . . 1 . Propulsion 55 | 2 1 . 4 . 2 6 7 . . . 3 . 2 . . . 3 1 . . 2 . . 2 . . . 4 . 8 4 4 . . . . Treads 34 | 2 1 . 4 . 2 6 3 . . . 3 . 2 . . . 3 1 . . 2 . . 2 . . . 2 . 1 . . . . . . Leg 17 | . . . . . . . . . . . . . . . . . . . . . . . . . . . . 2 . 7 4 4 . . . . Wheel 4 | . . . . . . . 4 . . . . . . . . . . . . . . . . . . . . . . . . . . . . . Hover . | . . . . . . . . . . . . . . . . . . . . . . . . . . . . . . . . . . . . . Flight . | . . . . . . . . . . . . . . . . . . . . . . . . . . . . . . . . . . . . . Utility 186 | 1 3 2 4 2 2 6 15 . . . 4 5 . 4 . 2 5 19 9 7 2 2 1 5 4 2 5 4 4 23 15 14 1 . 12 2 Device 103 | . 1 2 1 1 . 2 6 . . . 1 3 . . . 1 2 10 7 5 1 1 1 1 1 1 3 3 2 16 9 10 . . 10 2 Storage 12 | 1 2 . . . . . 1 . . . . . . . . . . 2 . 1 . . . 2 . . . . . . . 1 . . 2 . Processor 13 | . . . 2 . . . 1 . . . . . . 1 . . . . 2 1 . . . 1 1 . . . . . 2 1 1 . . . Hackware 10 | . . . . . 1 . 1 . . . . 1 . 2 . . . . . . . . . . 1 . . . . 2 2 . . . . . Protection 48 | . . . 1 1 1 4 6 . . . 3 1 . 1 . 1 3 7 . . 1 1 . 1 1 1 2 1 2 5 2 2 . . . . Artifact . | . . . . . . . . . . . . . . . . . . . . . . . . . . . . . . . . . . . . . Weapon 127 | 2 2 10 4 5 4 12 18 . 4 2 3 8 1 . . 5 5 14 2 2 3 1 . . . . . 3 . 8 2 2 1 3 . 1 Energy Gun 3 | . . . . . . . . . . . . . . . . . . . . . . . . . . . . . . . . . 1 2 . . Energy Cannon 14 | . . . . . . . . . . . . . . . . . 1 3 . 1 . . . . . . . . . 5 1 1 . 1 . 1 Ballistic Gun 43 | 2 . 5 3 2 2 11 8 . 2 2 1 1 . . . 3 1 . . . . . . . . . . . . . . . . . . . Ballistic Cannon . | . . . . . . . . . . . . . . . . . . . . . . . . . . . . . . . . . . . . . Launcher 29 | . 1 4 1 3 1 1 2 . 1 . 1 1 . . . 1 3 6 1 . . . . . . . . . . 2 . . . . . . Special Weapon 16 | . . . . . . . 2 . 1 . . 4 . . . . . 2 . . 3 1 . . . . . 1 . 1 1 . . . . . Impact Weapon 17 | . 1 . . . 1 . 6 . . . 1 2 1 . . 1 . 3 1 . . . . . . . . . . . . . . . . . Slashing Weapon 1 | . . 1 . . . . . . . . . . . . . . . . . . . . . . . . . . . . . . . . . . Piercing Weapon 4 | . . . . . . . . . . . . . . . . . . . . 1 . . . . . . . 2 . . . 1 . . . . Special Melee Weapon . | . . . . . . . . . . . . . . . . . . . . . . . . . . . . . . . . . . . . . Unidentified Prototypes 33 | . . 1 . 1 . . . . . . 1 . . . . . . 6 5 . . 1 . 1 . . . 5 . 4 . 5 . . 3 . Corrupted Parts 1 | . 1 . . . . . . . . . . . . . . . . . . . . . . . . . . . . . . . . . . . System Corruption 2 | . 2 . . . . . . . . . . . . . . . . . . . . . . . . . . . . . . . . . . . Parts Lost 70 | . 2 . . 3 1 10 6 . . . 3 . . . . . 6 8 . . 2 . . 1 . . . . . 12 9 7 . . . . Power 12 | . 1 . . 2 . 2 . . . . 1 . . . . . . 2 . . . . . . . . . . . 2 2 . . . . . Propulsion 25 | . 1 . . . 1 3 6 . . . 2 . . . . . 2 . . . 1 . . . . . . . . 4 3 2 . . . . Utility 24 | . . . . . . 2 . . . . . . . . . . 4 5 . . 1 . . 1 . . . . . 4 3 4 . . . . Weapon 9 | . . . . 1 . 3 . . . . . . . . . . . 1 . . . . . . . . . . . 2 1 1 . . . . Highest Loss Streak 4 | . 2 . . 2 1 3 2 . . . 3 . . . . . 2 3 . . 1 . . 1 . . . . . 2 3 4 . . . . To Critical Strikes 2 | . . . . . . . . . . . . . . . . . . . . . . . . . . . . . . 1 1 . . . . . Average Slot Usage (%) 89 | . 92 100 99 99 100 98 93 100 100 85 99 100 87 86 86 85 80 79 79 81 84 88 88 88 88 88 89 82 89 89 89 87 81 68 81 80 Engine 2 | . 10 14 11 10 9 5 . . . . . . . . . . . . . . . . . . . . . . . . . . . . . . Core 3 | . . . . . . 3 13 15 15 15 14 13 6 6 6 6 6 2 . . . . . . . . . . . . . . . . . . Reactor 4 | . . . . . . . . . . . . . 5 6 6 6 6 6 6 5 5 5 5 5 9 10 10 9 10 8 9 9 9 7 7 7 Treads 14 | . 28 28 33 33 36 35 19 7 7 7 14 13 13 13 13 13 13 15 6 5 7 11 11 11 10 10 10 9 10 1 . . . . . . Leg 6 | . . . . . . . . . . . . . . . . . . 3 13 11 11 11 11 11 10 9 10 10 10 20 22 22 9 7 7 7 Wheel 1 | . . . . . . . 5 23 23 23 15 13 1 . . . . . . . . . . . . . . . . . . . . . . . Device 12 | . 10 14 . . . . 5 7 7 7 7 15 20 17 13 13 7 11 12 23 21 17 17 15 11 10 14 14 12 18 16 18 18 15 25 28 Storage 9 | . 14 14 11 11 9 9 7 7 7 7 7 6 6 6 6 6 6 7 13 10 11 11 11 12 15 15 15 15 14 9 9 8 . . 2 . Processor 5 | . . . 10 11 9 9 7 7 7 7 7 6 6 6 6 6 6 6 6 4 5 5 5 5 4 5 5 5 5 4 8 8 18 15 15 15 Hackware 1 | . . . . . 1 9 7 7 7 7 7 4 . . . . . . . . . . . . 3 5 5 5 5 1 2 . . . . . Protection 9 | . . . 10 11 16 8 7 7 7 7 7 12 13 14 20 20 19 10 6 5 6 11 11 10 9 9 5 5 7 12 8 8 . . . . Energy Cannon 4 | . . . . . . . . . . . . . . . . . 3 6 12 9 9 10 11 11 10 9 10 1 10 8 8 8 . . . 1 Ballistic Gun 6 | . 24 13 21 21 17 17 11 15 14 1 14 6 6 6 6 12 4 . . . . . . . . . . . . . . . . . . . Impact Weapon 1 | . 3 6 . . . . 2 . . . . 2 . 6 6 . . 1 . . . . . . . . . . . . . . . . . . Naked Turns . | . . . . . . . . . . . . . . . . . . . . . . . . . . . . . . . . . . . . . Heaviest Build 208 | 11 49 56 59 57 64 60 124 124 124 124 126 140 150 150 148 166 162 169 169 172 175 178 178 171 188 183 183 177 180 208 207 207 55 55 58 53 Greatest Support 162 | 40 40 40 66 66 86 83 80 30 30 30 30 20 140 140 140 140 140 116 60 80 60 60 60 60 60 60 60 120 60 140 140 162 70 70 70 70 Greatest Overweight (x) 12 | . 1 1 . . . . 12 4 4 4 6 6 6 1 1 1 1 2 2 2 2 2 2 2 3 3 3 2 2 3 2 2 . . . . Average Overweight (x) 1 | . . 1 . . . . 5 4 4 3 5 6 1 . 1 1 1 1 2 1 2 2 2 2 2 2 3 1 2 1 1 . . . . . Largest Inventory Capacity 29 | 8 20 20 20 20 20 20 25 25 25 25 25 25 25 25 25 25 25 25 25 25 25 25 25 25 25 25 25 25 25 25 25 29 9 9 9 9 Average Capacity 23 | 6 16 20 20 20 20 20 24 25 25 25 25 25 25 25 25 25 25 24 25 24 25 25 25 25 25 25 25 25 25 25 25 25 9 9 9 9 Most Carried 27 | 2 12 20 20 20 20 20 24 25 25 25 25 25 25 25 25 25 25 25 25 25 25 25 25 25 25 25 25 25 25 25 25 27 8 9 9 9 Average Carried 21 | 1 9 16 19 19 19 18 21 24 24 25 24 23 24 24 25 24 24 21 24 21 23 24 25 24 24 25 24 24 24 23 23 21 7 7 8 8 Final Capacity 25 | 8 20 20 20 20 20 20 25 25 25 25 25 25 25 25 25 25 25 25 25 25 25 25 25 25 25 25 25 25 25 25 25 9 9 9 9 9 Final Carried 25 | 2 11 19 20 20 19 18 24 25 25 25 25 24 24 25 25 25 23 24 25 25 23 25 25 24 25 25 25 25 25 25 25 9 7 7 9 8 Class Distribution -------------------- 35% | Scavenger-Mutant 20% | Mutant 17% | Scavenger-Golem 14% | Golem 5% | Commander-Golem 4% | Alien-Sigix Dominant Class ---------------- Mutant | -10/Materials Mutant | -10/Subcaves Mutant | -9/Materials Mutant | -9/Mines Mutant | -8/Materials Scavenger-Mutant | -8/Garrison Scavenger-Mutant | -7/Factory Scavenger-Mutant | -7/Lower Caves Scavenger-Mutant | -7/Lower Caves Scavenger-Mutant | -7/Data Miner Scavenger-Mutant | -6/Proximity Caves Scavenger-Mutant | -6/Factory Scavenger-Mutant | -6/Waste Scavenger-Mutant | -6/Factory Scavenger-Mutant | -6/Lower Caves Scavenger-Mutant | -6/Lower Caves Scavenger-Mutant | -6/Zion Scavenger-Mutant | -6/Deep Caves Golem | -5/Proximity Caves Golem | -5/Factory Commander-Golem | -5/Extension Commander-Golem | -5/Cetus Commander-Golem | -5/Archives Golem | -5/Hub_04(d) Scavenger-Golem | -4/Factory Scavenger-Golem | -4/Upper Caves Golem | -4/Upper Caves Golem | -4/Zhirov Golem | -3/Proximity Caves Scavenger-Golem | -3/Research Scavenger-Golem | -3/Quarantine Scavenger-Golem | -3/Section 7 Alien-Sigix | -2/Research Alien-Sigix | -1/Access Alien-Sigix | -1/Command Alien-Sigix | -1/Access_0 Resources | -11 -10 -10 -9 -9 -8 -8 -7 -7 -7 -7 -6 -6 -6 -6 -6 -6 -6 -6 -5 -5 -5 -5 -5 -5 -4 -4 -4 -4 -3 -3 -3 -3 -2 -1 -1 -1 ----------- Run | Jun Mat Sub Mat Min Mat Gar Fac Low Low Dat Pro Fac Was Fac Low Low Zio Dee Pro Fac Ext Cet Arc Hub Fac Upp Upp Zhi Pro Res Qua Sec Res Acc Com Ac0 Matter Collected 9345 | 259 128 531 329 401 254 860 782 104 236 . 278 167 215 40 . 362 977 892 130 90 284 100 80 80 57 36 82 141 30 660 199 311 20 . 160 70 Remotely 551 | . . . . . . 173 . . . . . . . . . . 233 145 . . . . . . . . . . . . . . . . . . Salvage Created 24185 | . 421 308 435 142 462 932 856 20 137 . 298 185 387 140 . 248 1038 860 644 715 670 316 153 1142 430 30 407 194 526 5016 1778 2032 301 . 2446 516 Parts 1198 | . 35 24 32 8 28 52 55 1 15 . 19 7 2 . . 7 83 12 29 27 33 25 3 41 31 1 14 6 25 232 94 126 16 . 94 21 Haulers Intercepted 10 | . 2 . 4 . 2 . 1 . . . 1 . . . . . . . . . . . . . . . . . . . . . . . . . Recyclers Shooed 5 | . . . . . . . 1 . . . . . . . . . . . . 3 . . . . 1 . . . . . . . . . . . Parts Field Recycled . | . . . . . . . . . . . . . . . . . . . . . . . . . . . . . . . . . . . . . Retrieved Matter . | . . . . . . . . . . . . . . . . . . . . . . . . . . . . . . . . . . . . . Parts Self-Destructed 134 | . . 23 . . . . . . . . 26 . . . . 5 . . 34 . . . . . . . 15 6 25 . . . . . . . Prevented 1 | . . . . . . . . . . . . . . . . 1 . . . . . . . . . . . . . . . . . . . . Kills | -11 -10 -10 -9 -9 -8 -8 -7 -7 -7 -7 -6 -6 -6 -6 -6 -6 -6 -6 -5 -5 -5 -5 -5 -5 -4 -4 -4 -4 -3 -3 -3 -3 -2 -1 -1 -1 ------- Run | Jun Mat Sub Mat Min Mat Gar Fac Low Low Dat Pro Fac Was Fac Low Low Zio Dee Pro Fac Ext Cet Arc Hub Fac Upp Upp Zhi Pro Res Qua Sec Res Acc Com Ac0 Combat Hostiles Destroyed 383 | . 12 5 7 19 15 21 17 . 3 . 8 4 . . . 5 7 49 8 7 8 4 2 15 6 . 11 . 9 73 23 28 3 . 10 4 Melee 2 | . . . . . . . . . . . . . . . . . . 2 . . . . . . . . . . . . . . . . . . Guns 81 | . 12 . 3 5 5 20 10 . . . 4 . . . . 2 4 . . . . . . . . . . . . . . . 3 . 10 3 Cannons 183 | . . . . . . . . . . . . . . . . . 3 2 8 6 8 4 2 15 6 . 11 . 9 59 22 27 . . . 1 AOE 106 | . . 5 4 14 10 1 7 . 3 . 4 3 . . . 3 . 41 . . . . . . . . . . . 11 . . . . . . Classes Destroyed 35 | . 5 3 1 2 1 3 4 1 1 . 1 . . . . 2 2 2 1 . . . . 2 . . . . . 3 . 1 . . . . Worker 7 | . . . . . . . 3 . . . . . . 1 . . . . . . . . . 1 . . . . . 2 . . . . . . Builder 8 | . . . . . . . 1 . . . . 2 . . . . . . . . . . . . 1 . . . . 3 . . 1 . . . Tunneler 2 | . . . . . . . 1 . . . . 1 . . . . . . . . . . . . . . . . . . . . . . . . Hauler 10 | . 2 . 4 . 2 . 1 . . . 1 . . . . . . . . . . . . . . . . . . . . . . . . . Recycler 11 | . 1 . 1 . . . 1 . . . . 1 . 1 . . . . . 2 1 . . . . . . . . 1 . . . . 2 . Mechanic 3 | . . . . . . . . . . . . . . . . . . . 1 . . . . . . . . . . 2 . . . . . . Operator 4 | . 1 . . . . . . . . . . 1 . . . . . . . . . . . . 2 . . . . . . . . . . . Drone 6 | . . . . . . . . . . . 2 1 . . . 1 . . . . . . . . . . . . 2 . . . . . . . Turret 2 | . . 2 . . . . . . . . . . . . . . . . . . . . . . . . . . . . . . . . . . Watcher 9 | . . . 1 . 1 . 1 . . . . . . . . . . . . . . . . . . . . . . 2 2 . . . 2 . Swarmer 59 | . 9 4 2 . 3 3 7 . 3 . 4 4 . . . . . . 1 . . . . . . . 9 . . 7 . 3 . . . . Saboteur 1 | . . . . . . . . . . . . . . . . . . . . . . . . . . . . . . 1 . . . . . . Grunt 105 | . 3 . 5 . 9 8 3 . . . 2 . . . . 1 . . 3 5 4 1 . 9 . . . . 3 34 7 8 . . . . Brawler 5 | . . . . . . 1 . . . . . . . . . . . . . . . 1 . . . . . . . 2 1 . . . . . Duelist 7 | . . . . . . 3 . . . . . . . . . . . . . . . . . . . . 1 . . 2 1 . . . . . Protector 1 | . . . . . . . . . . . . . . . . . . . . . . . . 1 . . . . . . . . . . . . Sentry 28 | . . . . . 3 4 1 . . . . . . . . . . . . 1 4 . 2 1 1 . 1 . . 6 2 1 1 . . . Demolisher 2 | . . . . 2 . . . . . . . . . . . . . . . . . . . . . . . . . . . . . . . . Specialist 2 | . . . . . . . . . . . . . . . . . . . 1 . . . . . . . . . . 1 . . . . . . Hunter 25 | . . . . . . . 1 . . . . . . . . . . . 1 . . . . . 2 . . . 4 4 4 2 2 . 5 . Programmer 44 | . . . . . . 2 5 . . . . . . . . . . . 2 . . 1 . 1 3 . . . . 12 8 10 . . . . Heavy 2 | . . . . . . . . . . . . . . . . . . . . . . . . 1 . . . . . 1 . . . . . . Behemoth 3 | . . . . . . . . . . . . . . . . 1 . . . 1 . . . . . . . . . . . 1 . . . . Cetus Guard 1 | . . . . . . . . . . . . . . . . . . . . . . 1 . . . . . . . . . . . . . . M Guard 1 | . . . . . . . . . . . . . . . . . . . . . . . . . . . . . . . . . . . 1 . Enhanced Grunt 4 | . . . . . . . . . . . . . . . . . . . . . . . . 2 . . . . . . . . . . . 2 Lightning 2 | . . . . . . . . . . . . . . . . . . . . . . . . 2 . . . . . . . . . . . . Combat Programmer 2 | . . . . . . . . . . . . . . . . . . . . . . . . . . . . . . . . . . . 2 . Striker 2 | . . . . . . . . . . . . . . . . . . . . . . . . . . . . . . 2 . . . . . . Executioner 3 | . . . . . . . . . . . . . . . . . . . . . . . . . . . . . . 1 . 2 . . . . Alpha 7 1 | . . . . . . . . . . . . . . . . . . . . . . . . . . . . . . . . 1 . . . . Artisan 3 | . . 3 . . . . . . . . . . . . . . . . . . . . . . . . . . . . . . . . . . Subdweller 5 | . . 3 2 . . . . . . . . . . . . . . . . . . . . . . . . . . . . . . . . . Zionite 48 | . . . . . . . . . . . . . . . . . 48 . . . . . . . . . . . . . . . . . . . Decomposer 1 | . . . . . . . . . . . . . . . . . . . . . . . . . . 1 . . . . . . . . . . Packrat 1 | . . . . . . . . . . . . . . . . . . . 1 . . . . . . . . . . . . . . . . . Samaritan 2 | . . . . . . . . . 2 . . . . . . . . . . . . . . . . . . . . . . . . . . . Tinkerer 6 | . . . . . . . . 1 . . . . . . . . 5 . . . . . . . . . . . . . . . . . . . Assembler 2 | . . . . . . . . . . . . . . . . . . 2 . . . . . . . . . . . . . . . . . . Assembled 62 | . . . . 17 . . . . . . . . . . . . . 45 . . . . . . . . . . . . . . . . . . Golem 4 | . . . . . . . . . . . . . . . . . . 4 . . . . . . . . . . . . . . . . . . Surgeon 2 | . . . . . . . . . . . . . . . . 1 1 . . . . . . . . . . . . . . . . . . . Savage 3 | . . . . . . . . . . . . . . . . 3 . . . . . . . . . . . . . . . . . . . . Butcher 2 | . . . . . . . . . . . . . . . . . 2 . . . . . . . . . . . . . . . . . . . Martyr 3 | . . . . . . . . . . . . . 3 . . . . . . . . . . . . . . . . . . . . . . . Marauder 2 | . . . . . . . . . . . . . . . . . 2 . . . . . . . . . . . . . . . . . . . Mutant 2 | . . . . . . . . . . . . . . . . . 2 . . . . . . . . . . . . . . . . . . . Best Kill Streak 40 | . 5 4 4 16 11 6 5 . 3 . 4 3 . 1 . 3 5 40 3 3 4 2 1 9 4 1 8 . 3 12 4 7 3 . 5 3 Combat Bots Only 38 | . 5 4 4 16 10 6 4 . 3 . 4 3 . . . 3 2 38 3 3 4 2 1 9 2 . 8 . 3 10 4 7 3 . 3 3 Max Kills in Single Turn 27 | . 1 2 3 5 3 2 3 1 2 . 2 4 1 1 . 3 2 27 1 1 1 1 1 2 3 1 1 . 1 5 1 1 1 . 1 1 Gunslinging 1 | . . . 1 . . 1 . . . . . . . . . . . . . . . . . . . . . . . . . . . . . . Exploded 27 | . . 2 3 5 3 1 2 . 2 . 2 2 . . . 2 . 27 . . . . . . . . . . . 4 . . . . . . Melee 1 | . . . . . . . . . . . . . . . . . . 1 . . . . . . . . . . . . . . . . . . Uniques/NPCs Destroyed 6 | . . . . . . . . . . . . . . . . . 1 . . . . 1 . . . . . . . . . . . . 2 2 Imprinter (-6/Zion) A7 (-5/Cetus) MAIN.C Shell (-1/Command) MAIN.C (-1/Command) A8 (-1/Access_0) Architect (-1/Access_0) Combat | -11 -10 -10 -9 -9 -8 -8 -7 -7 -7 -7 -6 -6 -6 -6 -6 -6 -6 -6 -5 -5 -5 -5 -5 -5 -4 -4 -4 -4 -3 -3 -3 -3 -2 -1 -1 -1 -------- Run | Jun Mat Sub Mat Min Mat Gar Fac Low Low Dat Pro Fac Was Fac Low Low Zio Dee Pro Fac Ext Cet Arc Hub Fac Upp Upp Zhi Pro Res Qua Sec Res Acc Com Ac0 Damage Taken 25172 | . 381 444 264 446 468 1707 952 . 66 . 380 206 . 261 . 1207 2251 1542 198 596 280 34 34 1493 220 . 380 . 510 4412 1824 2737 134 . 1301 444 Core 2744 | . 43 127 47 15 38 228 99 . 15 . 37 . . . . 38 99 196 39 76 21 . 12 271 . . 27 . 51 247 101 342 41 . 393 141 Absorbed by Shields 8263 | . . . . . . . . . . . . 61 . 8 . 364 884 483 30 350 300 34 35 317 . . . . . 793 972 1824 141 . 1249 418 Reduced by Siege Mode 153 | . . . . . . . . . . . . . . . . 51 102 . . . . . . . . . . . . . . . . . . . Redirected to Shielding 265 | . . . . . . . . . . . . 66 . 27 . 42 . 130 . . . . . . . . . . . . . . . . . . Ignored by Resistances 6336 | . . . . . . . . . . . . . . . . . . . 47 189 115 13 14 349 46 . 86 . 107 563 . 1010 281 . 2627 889 Regen/Repaired (Parts) 1671 | . . . . . . . . . . . . . 93 44 . . 296 . . . . . . . . . . . 130 429 345 334 . . . . Core Remaining (%) 69 | 100 . 32 . 84 . 51 . . . . 78 . . . . . . . 56 . . . . 62 . . . . 93 . . 38 97 . . 76 Volleys Fired 1423 | . 27 24 26 22 24 71 57 2 18 . 19 8 12 . . 31 221 81 29 21 60 36 5 40 13 2 22 . 20 220 86 94 27 1 89 15 Largest 3 | . 2 1 2 2 2 2 2 2 2 . 2 1 1 . . 2 2 2 2 2 2 2 2 2 2 2 2 . 2 2 2 2 3 2 3 3 Hottest 400 | . 40 40 50 50 50 50 56 56 56 . 56 40 28 . . 56 108 95 50 100 50 50 50 50 50 50 50 . 50 130 130 130 300 400 300 300 Shots Fired 2397 | . 55 29 47 38 42 132 103 4 22 . 37 8 12 . . 57 267 89 53 37 77 46 10 76 26 6 47 . 40 379 151 170 41 2 259 35 Gun 950 | . 55 18 42 32 36 130 96 4 8 . 34 . 12 . . 52 97 . . . . . . . . . . . . . . 1 41 1 259 32 Cannon 1241 | . . . . . . . . . . . . . . . . . 141 41 53 37 41 31 10 76 26 6 47 . 40 371 148 169 . 1 . 3 Launcher 105 | . . 11 5 6 6 2 5 . 4 . 3 2 . . . 5 29 22 . . . . . . . . . . . 5 . . . . . . Special 101 | . . . . . . . 2 . 10 . . 6 . . . . . 26 . . 36 15 . . . . . . . 3 3 . . . . . Kinetic 652 | . 55 22 47 38 42 130 96 4 12 . 34 2 12 . . 57 101 . . . . . . . . . . . . . . . . . . . Thermal 1242 | . . . . . . . . . 10 . . . . . . . 141 41 53 35 41 46 10 76 26 6 47 . 40 349 148 169 . 1 . 3 Explosive 69 | . . 7 . . . 2 5 . . . 3 . . . . . 25 22 . . . . . . . . . . . 5 . . . . . . Electromagnetic 50 | . . . . . . . . . . . . . . . . . . 26 . 2 . . . . . . . . . 22 . . . . . . Slashing 334 | . . . . . . . . . . . . . . . . . . . . . . . . . . . . . . . . 1 41 1 259 32 Robot Hit Streak 75 | . 8 13 8 7 15 19 21 7 10 . 8 2 7 . . 33 54 14 20 16 24 24 7 39 6 3 7 . 10 34 75 31 7 . 36 7 Robot Miss Streak 6 | . 4 2 3 6 3 1 3 . 1 . 2 3 1 . . 2 4 3 1 1 2 2 1 2 3 . 3 . 2 3 3 1 2 . 2 2 Penetration Max 1 | . . . . . . . 1 . . . 1 . 1 . . . . . . . . . . . . . . . . . . . . . 1 . Secondary Targets 15 | . 4 . 1 . . 3 . . . . . . . . . . 2 . . . . . . . . . . . . . . . . . 3 2 Max Gunslinging Chain 1 | . 1 . 1 . . 1 . . . . . . . . . . 1 . . . . . . . . . . . . . . . . . 1 1 Shots Hit Robots 1699 | . 35 25 29 22 32 101 77 3 15 . 19 7 19 2 . 51 195 69 34 30 60 38 9 55 14 1 19 3 27 256 110 126 15 . 175 26 Core Hits 945 | . 23 21 22 37 29 43 41 2 8 . 21 8 4 . . 16 103 90 15 19 16 20 3 32 12 1 11 1 15 143 48 54 7 . 68 12 Critical Kills 9 | . . . 1 . . . 5 . . . 1 . . . . . 1 . . . . . . . . . . . . . 1 . . . . . Critical Parts Destroyed 10 | . . 1 . . . . 2 . . . . . 1 1 . 1 . 3 . . . . . . . . . . . . . . . . . 1 Critical Strikes 28 | . . 2 1 . . . 7 . . . 1 . 1 1 . 1 1 4 . . . . . . . . . . . 1 1 . 1 . 3 3 Meltdown 2 | . . . . . . . . . . . . . . . . . 1 . . . . . . . . . . . . . 1 . . . . . Destroy 12 | . . 1 1 . . . 6 . . . 1 . . . . 1 . . . . . . . . . . . . . . . . . . . 2 Corrupt 2 | . . . . . . . . . . . . . . . . . . 1 . . . . . . . . . . . 1 . . . . . . Smash 7 | . . 1 . . . . 1 . . . . . 1 1 . . . 3 . . . . . . . . . . . . . . . . . . Sever 5 | . . . . . . . . . . . . . . . . . . . . . . . . . . . . . . . . . 1 . 3 1 Melee Attacks 154 | . 16 67 1 . 1 . 20 . . . 1 9 8 4 5 . . 8 . 9 . . . . . . . 3 . . . 2 . . . . Impact 112 | . 16 40 . . 1 . 20 . . . 1 9 8 4 5 . . 8 . . . . . . . . . . . . . . . . . . Slashing 28 | . . 27 1 . . . . . . . . . . . . . . . . . . . . . . . . . . . . . . . . . Piercing 14 | . . . . . . . . . . . . . . . . . . . . 9 . . . . . . . 3 . . . 2 . . . . Sneak Attacks 19 | . . 3 . . . . 3 . . . . 3 8 2 . . . . . . . . . . . . . . . . . . . . . . Combat Hostiles . | . . . . . . . . . . . . . . . . . . . . . . . . . . . . . . . . . . . . . Follow-up Attacks . | . . . . . . . . . . . . . . . . . . . . . . . . . . . . . . . . . . . . . Damage Inflicted 80762 | . 385 1261 1268 1416 1971 1881 2324 60 549 . 645 1042 783 235 . 1627 6125 4855 1632 1170 1318 1435 467 3082 988 43 859 105 1279 14793 4600 5966 1069 . 12979 2550 Guns 24308 | . 367 164 492 317 515 1752 1535 60 111 . 408 . 266 . . 922 2151 . . . . . . . . . . . . . . . 919 . 12979 1350 Cannons 37990 | . . . . . . . . . . . . . . . . . 2317 763 1632 1033 1318 1344 467 2622 815 43 859 . 1279 11761 4600 5937 . . . 1200 Explosions 15244 | . . 612 772 1099 1456 129 418 . 383 . 237 619 . . . 705 1657 3535 . . . . . 417 173 . . . . 3032 . . . . . . Melee 2637 | . . 485 . . . . 359 . . . . 423 517 235 . . . 376 . 137 . . . . . . . 105 . . . . . . . . Ramming 268 | . 18 . 4 . . . 12 . . . . . . . . . . 12 . . . . . 43 . . . . . . . 29 150 . . . Kinetic 14136 | . 367 399 1264 1416 1971 1752 1535 60 494 . 408 183 266 . . 1627 2394 . . . . . . . . . . . . . . . . . . . Thermal 37970 | . . . . . . . . . 55 . . 436 . . . . 2317 415 1632 1007 1318 1435 467 2622 815 43 859 . 1279 11533 4600 5937 . . . 1200 Explosive 8974 | . . 377 . . . 129 418 . . . 237 . . . . . 1414 3535 . . . . . . 173 . . . . 2691 . . . . . . Electromagnetic 1529 | . . . . . . . . . . . . . . . . . . 517 . 26 . . . 417 . . . . . 569 . . . . . . Impact 1944 | . . 34 . . . . 359 . . . . 423 517 235 . . . 376 . . . . . . . . . . . . . . . . . . Slashing 15699 | . . 451 . . . . . . . . . . . . . . . . . . . . . . . . . . . . . . 919 . 12979 1350 Piercing 242 | . . . . . . . . . . . . . . . . . . . . 137 . . . . . . . 105 . . . . . . . . Highest Corruption 12 | . 3 3 . . . 3 2 2 2 2 2 . . . . . . . 1 . . . . 12 1 1 1 1 1 7 7 2 . . . . Average Corruption 2 | . 1 3 . . . 2 1 2 2 2 2 . . . . . . . 1 . . . . 7 1 1 1 1 1 6 5 1 . . . . Corruption Purged 10 | . . . . . . . . . . . . . . . . . . . . . . . . . . . . . . . 9 1 . . . . Corruption Blocked . | . . . . . . . . . . . . . . . . . . . . . . . . . . . . . . . . . . . . . Effects 308 | . 4 87 . . . 16 21 6 10 3 14 . . . . . . . 9 . . . . 10 2 13 15 4 7 60 12 15 . . . . Message Errors 64 | . . 20 . . . 2 5 . . . . . . . . . . . 3 . . . . 3 1 3 3 1 1 10 5 7 . . . . Matter Fused 72 | . . 25 . . . 1 3 2 1 3 4 . . . . . . . 3 . . . . 1 1 3 4 2 . 17 . 2 . . . . Heat Flow Errors 44 | . . 6 . . . 4 5 2 2 . 2 . . . . . . . 1 . . . . 1 . 3 3 . 2 10 3 . . . . . Energy Discharges 36 | . 1 14 . . . 2 1 1 4 . 1 . . . . . . . . . . . . 2 . 1 1 . 2 5 1 . . . . . Parts Rejected 4 | . . . . . . . 1 . . . . . . . . . . . . . . . . . . . . . . 1 . 2 . . . . Parts Fused 2 | . . . . . . . 1 . 1 . . . . . . . . . . . . . . . . . . . . . . . . . . . Data Loss (minor) 36 | . 2 12 . . . 4 1 1 . . 3 . . . . . . . 2 . . . . 1 . . . . . 7 1 2 . . . . Data Loss (major) 15 | . . 4 . . . 1 . . 1 . . . . . . . . . . . . . . . . . 1 . 1 5 1 1 . . . . Misfires 20 | . 1 5 . . . . 2 . . . 3 . . . . . . . . . . . . 1 . 2 3 . . 2 1 . . . . . Alerts 10 | . . 1 . . . 2 . . 1 . . . . . . . . . . . . . . . . 1 . 1 1 3 . . . . . . Weapon Failures 5 | . . . . . . . 2 . . . 1 . . . . . . . . . . . . 1 . . . . . . . 1 . . . . Overload Shots . | . . . . . . . . . . . . . . . . . . . . . . . . . . . . . . . . . . . . . Overflow Damage 3199 | . 45 71 . 119 23 11 151 . 53 . . 373 155 175 . 3 134 450 151 4 8 . . 42 86 . 68 . 26 466 92 284 74 . . 135 Projectiles 1482 | . . . . . . . . . 7 . . . . . . . 95 84 151 4 8 . . 42 54 . 68 . 26 432 92 284 . . . 135 Explosions 742 | . 45 37 . 119 23 11 7 . 46 . . 170 . . . 3 39 176 . . . . . . 32 . . . . 34 . . . . . . Melee 975 | . . 34 . . . . 144 . . . . 203 155 175 . . . 190 . . . . . . . . . . . . . . 74 . . . Knockbacks 9 | . . . . . . . . . . . . 1 4 1 . . . 2 . . . . . . . . . . . . . . 1 . . . Impact 8 | . . . . . . . . . . . . 1 3 1 . . . 2 . . . . . . . . . . . . . . 1 . . . Kinetic . | . . . . . . . . . . . . . . . . . . . . . . . . . . . . . . . . . . . . . Secondary 1 | . . . . . . . . . . . . . 1 . . . . . . . . . . . . . . . . . . . . . . . Self-Inflicted Damage 1469 | . 85 53 91 58 48 25 62 . . . . 164 . . . 100 268 392 . . . . . 78 . . . . . 45 . . . . . . Shots 37 | . 1 3 2 2 1 1 4 . . . . 2 . . . 3 8 8 . . . . . 1 . . . . . 1 . . . . . . Rammed 8 | . 3 . 2 . . . 2 . . . . . . . . . . 1 . . . . . . . . . . . . . . . . . . Targets Rammed 21 | . 4 . 2 . . . 2 . . . . . . . . . . 2 . . . . . 5 . . . . . 1 1 1 3 . . . Kicked 11 | . . . . . . . . . . . . . . . . . . . . . . . . 5 . . . . . 1 1 1 3 . . . Crushed 2 | . 1 . . . . . . . . . . . . . . . . 1 . . . . . . . . . . . . . . . . . . Highest Temperature 396 | . 6 237 103 47 90 238 281 284 205 . 207 . . . . 220 212 45 235 15 . . . 140 1 272 189 . 123 245 106 72 304 194 396 195 Average Temperature 84 | . 6 104 31 19 28 41 65 100 52 . 52 . . . . 103 115 16 119 8 . . . 67 1 115 74 . 24 67 64 34 134 127 118 75 Received Heat Transfer 3108 | . 18 33 75 32 153 405 144 . . . 186 . . 4 . 138 114 154 9 160 68 4 . 209 9 . . . 118 720 140 79 16 . 120 . Effects 9 | . . 2 . . . 2 . . . . . . . . . 1 2 . . . . . . . . . . . . 2 . . . . . . Energy Bleed 2 | . . 1 . . . . . . . . . . . . . 1 . . . . . . . . . . . . . . . . . . . . Interference 7 | . . 1 . . . 2 . . . . . . . . . . 2 . . . . . . . . . . . . 2 . . . . . . Siege Activations 3 | . . . . . . . . . . . . . . . . 1 2 . . . . . . . . . . . . . . . . . . . Total Turns 185 | . . . . . . . . . . . . . . . . 66 119 . . . . . . . . . . . . . . . . . . . Longest Duration 66 | . . . . . . . . . . . . . . . . 66 62 . . . . . . . . . . . . . . . . . . . Robots Corrupted 6 | . . . . . . . . . . . . . . . . . . 3 . . . . . 1 . . . . . 2 . . . . . . Combat Hostiles 5 | . . . . . . . . . . . . . . . . . . 3 . . . . . . . . . . . 2 . . . . . . Parts Fried 18 | . . . . . . . 2 . . . . 3 4 4 . . . . . . 1 . . 1 . . . . . 3 . . . . . . Impact Corruptions 27 | . . 1 . . . . 3 . . . . 6 5 4 . . . 5 . . . . . . . . . . . . . . 3 . . . Robots Melted 5 | . . . . . . . . . . . . . . . . . 3 . . . . . . . . . . . . 1 1 . . . . . Combat Hostiles 2 | . . . . . . . . . . . . . . . . . . . . . . . . . . . . . . 1 1 . . . . . Parts Melted 29 | . . . . . . . . . 3 . . . . . . . 7 . . . . . . 1 . . 1 . 3 9 1 4 . . . . Heat Transferred 22252 | . . . . . . . . . 200 . . 250 . . . . 3182 449 824 625 699 891 250 1281 425 25 500 . 700 6149 2636 3166 . . . . Parts Sabotaged 1 | . . . . . . . . . . . . . . . . . . . . . . . . . . . . . . 1 . . . . . . Parts Stolen . | . . . . . . . . . . . . . . . . . . . . . . . . . . . . . . . . . . . . . Parts Stripped . | . . . . . . . . . . . . . . . . . . . . . . . . . . . . . . . . . . . . . Power Chain Reactions 3 | . . . . . . . . . . . . . . . . . . . . . . . . . . . . . . 3 . . . . . . Missiles Intercepted . | . . . . . . . . . . . . . . . . . . . . . . . . . . . . . . . . . . . . . Alert | -11 -10 -10 -9 -9 -8 -8 -7 -7 -7 -7 -6 -6 -6 -6 -6 -6 -6 -6 -5 -5 -5 -5 -5 -5 -4 -4 -4 -4 -3 -3 -3 -3 -2 -1 -1 -1 ------- Run | Jun Mat Sub Mat Min Mat Gar Fac Low Low Dat Pro Fac Was Fac Low Low Zio Dee Pro Fac Ext Cet Arc Hub Fac Upp Upp Zhi Pro Res Qua Sec Res Acc Com Ac0 Peak Influence 1702 | . 293 . 770 377 500 836 513 . . . . 710 100 251 . . . . . 249 461 1012 547 1175 577 . . . . 1639 1066 1634 1702 1195 1024 . Initial 1100 | . . . 202 292 51 227 438 . . . . 600 100 . . . . . . . 121 208 404 191 570 . . . . 183 921 207 1100 1100 764 . Average 428 | . 120 . 522 270 159 486 317 . . . . 447 62 79 . . . . . 121 254 647 509 693 425 . . . . 712 667 412 1276 1162 848 . Maximum Alert Level 5 | . 1 . 3 1 2 3 2 . . . . 3 . 1 . . . . . 1 2 3 2 4 2 . . . . 5 3 5 5 4 3 . Low Security (%) 26 | 100 87 . . 34 77 . 24 . . . . 17 100 90 . . . . . 91 27 2 . 8 . . . . . 7 . 2 . . . . Level 1 30 | . 12 . 16 65 2 45 48 . . . . 30 . 9 . . . . . 8 60 12 . 12 55 . . . . 34 22 55 . . . . Level 2 20 | . . . 64 . 19 26 27 . . . . 40 . . . . . . . . 11 51 100 24 44 . . . . 13 15 38 . . 2 . Level 3 17 | . . . 19 . . 27 . . . . . 11 . . . . . . . . . 34 . 46 . . . . . 19 62 . 29 . 97 . Level 4 3 | . . . . . . . . . . . . . . . . . . . . . . . . 7 . . . . . 22 . . 39 100 . . Level 5 . | . . . . . . . . . . . . . . . . . . . . . . . . . . . . . . 3 . . . . . . High Security . | . . . . . . . . . . . . . . . . . . . . . . . . . . . . . . . . . . . . . Max Security . | . . . . . . . . . . . . . . . . . . . . . . . . . . . . . . . . 3 31 . . . Squads Dispatched 77 | . 1 . 5 . 1 . 6 . . . . . . 4 . 1 . . . 1 2 . . 9 1 . . . . 12 6 12 15 . 1 . Investigation 3 | . . . 1 . 1 . . . . . . . . . . . . . . . . . . 1 . . . . . . . . . . . . Extermination 19 | . . . . . . . 4 . . . . . . 2 . . . . . . . . . 1 1 . . . . 4 3 3 1 . . . Reinforcement 27 | . 1 . 3 . . . 2 . . . . . . 2 . . . . . 1 2 . . 5 . . . . . 4 2 2 2 . 1 . Assault 28 | . . . 1 . . . . . . . . . . . . 1 . . . . . . . 2 . . . . . 4 1 7 12 . . . Garrison . | . . . . . . . . . . . . . . . . . . . . . . . . . . . . . . . . . . . . . Intercept . | . . . . . . . . . . . . . . . . . . . . . . . . . . . . . . . . . . . . . Searches Triggered 1 | . . . . . . . . . . . . 1 . . . . . . . . . . . . . . . . . . . . . . . . Data Miner Redirects 3 | . . . . . . . . . . . . . . . . . . . . . . . . 1 . . . . . 1 . 1 . . . . Construction Impeded 5 | . . . . . . . . . . . . . . . . . . . . . 2 . . 2 . . . . . . . . 1 . . . Haulers Reinforced 3 | . . . . . . . 1 . . . . . . . . . . . . . . . . 1 . . . . . 1 . . . . . . Active Scanning Responses . | . . . . . . . . . . . . . . . . . . . . . . . . . . . . . . . . . . . . . Cargo Convoy Interrupts 1 | . . . . . . . . . . . . . . . . . . . . . . . . . . . . . . 1 . . . . . . Stealth | -11 -10 -10 -9 -9 -8 -8 -7 -7 -7 -7 -6 -6 -6 -6 -6 -6 -6 -6 -5 -5 -5 -5 -5 -5 -4 -4 -4 -4 -3 -3 -3 -3 -2 -1 -1 -1 --------- Run | Jun Mat Sub Mat Min Mat Gar Fac Low Low Dat Pro Fac Was Fac Low Low Zio Dee Pro Fac Ext Cet Arc Hub Fac Upp Upp Zhi Pro Res Qua Sec Res Acc Com Ac0 Distress Signals 59 | . 2 . 2 . 2 . . . . . 1 1 . . . . . . 1 . 1 2 . . . . . . . 4 2 4 6 . 31 . Communications Jammed 90 | . . . . . . . . . . . . . . . . . . . . . 1 . . . . . . . . 58 31 . . . . . Distress Signals 88 | . . . . . . . . . . . . . . . . . . . . . 1 . . . . . . . . 56 31 . . . . . Times Spotted 690 | . 21 25 33 20 21 20 26 . 3 . 14 5 . 10 . 14 58 48 11 8 24 24 3 30 6 . 15 . 10 111 39 44 18 . 24 5 Peak Tracking Total 37 | . 6 3 6 8 10 4 4 . 4 . 6 2 . 4 . 10 5 37 3 2 4 7 1 13 3 . 5 . 4 11 5 11 25 . 9 4 Tactical Retreats 42 | . . 3 . . 2 1 . . 1 . . . . . . 1 8 1 1 1 . . . 4 . . 3 . 1 8 2 2 . . 3 . Traps | -11 -10 -10 -9 -9 -8 -8 -7 -7 -7 -7 -6 -6 -6 -6 -6 -6 -6 -6 -5 -5 -5 -5 -5 -5 -4 -4 -4 -4 -3 -3 -3 -3 -2 -1 -1 -1 ------- Run | Jun Mat Sub Mat Min Mat Gar Fac Low Low Dat Pro Fac Was Fac Low Low Zio Dee Pro Fac Ext Cet Arc Hub Fac Upp Upp Zhi Pro Res Qua Sec Res Acc Com Ac0 Traps Triggered 21 | . 2 3 . . . 1 1 . . . . 1 . . . . . . . 1 5 . . . . . . . . 1 1 4 1 . . . Indirectly . | . . . . . . . . . . . . . . . . . . . . . . . . . . . . . . . . . . . . . Trap Hack Attempts . | . . . . . . . . . . . . . . . . . . . . . . . . . . . . . . . . . . . . . Triggered . | . . . . . . . . . . . . . . . . . . . . . . . . . . . . . . . . . . . . . Disarmed . | . . . . . . . . . . . . . . . . . . . . . . . . . . . . . . . . . . . . . Reprogrammed . | . . . . . . . . . . . . . . . . . . . . . . . . . . . . . . . . . . . . . Reused . | . . . . . . . . . . . . . . . . . . . . . . . . . . . . . . . . . . . . . Traps Extracted . | . . . . . . . . . . . . . . . . . . . . . . . . . . . . . . . . . . . . . Installed . | . . . . . . . . . . . . . . . . . . . . . . . . . . . . . . . . . . . . . Triggered 2 | . . . . . . . . . . . . . . . . 2 . . . . . . . . . . . . . . . . . . . . Machines | -11 -10 -10 -9 -9 -8 -8 -7 -7 -7 -7 -6 -6 -6 -6 -6 -6 -6 -6 -5 -5 -5 -5 -5 -5 -4 -4 -4 -4 -3 -3 -3 -3 -2 -1 -1 -1 ---------- Run | Jun Mat Sub Mat Min Mat Gar Fac Low Low Dat Pro Fac Was Fac Low Low Zio Dee Pro Fac Ext Cet Arc Hub Fac Upp Upp Zhi Pro Res Qua Sec Res Acc Com Ac0 Machines Disabled 74 | . 2 5 4 . 2 4 3 . . . . 7 . 1 . . 1 4 . 3 1 1 . 5 3 1 . . . 7 6 7 1 1 4 1 Max in Single Turn 6 | . 2 2 2 . 1 1 1 . . . . 6 . . . . 1 1 . 2 . . . 3 3 1 . . . 1 2 1 1 1 1 1 Garrison Access 8 | . . . . . . . 2 . . . . 1 . 1 . . . . . . . . . . . . . . . 2 1 1 . . . . Garrison Relay 4 | . . . . . . 4 . . . . . . . . . . . . . . . . . . . . . . . . . . . . . . Network Hub 1 | . . . . . . . . . . . . . . . . . . . . . . . . 1 . . . . . . . . . . . . Machines Repaired . | . . . . . . . . . . . . . . . . . . . . . . . . . . . . . . . . . . . . . Machines Sabotaged . | . . . . . . . . . . . . . . . . . . . . . . . . . . . . . . . . . . . . . Overloaded Fab Kills . | . . . . . . . . . . . . . . . . . . . . . . . . . . . . . . . . . . . . . Hacking | -11 -10 -10 -9 -9 -8 -8 -7 -7 -7 -7 -6 -6 -6 -6 -6 -6 -6 -6 -5 -5 -5 -5 -5 -5 -4 -4 -4 -4 -3 -3 -3 -3 -2 -1 -1 -1 --------- Run | Jun Mat Sub Mat Min Mat Gar Fac Low Low Dat Pro Fac Was Fac Low Low Zio Dee Pro Fac Ext Cet Arc Hub Fac Upp Upp Zhi Pro Res Qua Sec Res Acc Com Ac0 Machines Accessed 62 | . 1 2 4 1 4 1 5 . . 3 . 1 . 7 1 1 . . . 3 3 . . 1 1 . 1 4 . 5 4 5 1 2 1 . Terminals 38 | . 1 . 4 . 3 1 3 . . . . . . 5 . . . . . 3 3 . . 1 1 . . . . 3 3 4 1 1 1 . Fabricators 1 | . . . . . . . . . . . . . . 1 . . . . . . . . . . . . . . . . . . . . . . Repair Stations . | . . . . . . . . . . . . . . . . . . . . . . . . . . . . . . . . . . . . . Recycling Units . | . . . . . . . . . . . . . . . . . . . . . . . . . . . . . . . . . . . . . Scanalyzers . | . . . . . . . . . . . . . . . . . . . . . . . . . . . . . . . . . . . . . Garrison Access 10 | . . . . . 1 . 2 . . . . 1 . 1 . . . . . . . . . . . . . . . 2 1 1 . 1 . . Total Hacks 174 | . 3 5 13 1 12 2 11 . . 25 . 1 . 11 9 1 . . . 7 6 . . 3 6 . 1 17 . 14 9 10 1 5 1 . Successful 104 | . 2 5 1 1 4 . 7 . . 25 . 1 . 4 9 1 . . . 6 1 . . . 3 . 1 17 . 4 4 5 . 2 1 . Failed 70 | . 1 . 12 . 8 2 4 . . . . . . 7 . . . . . 1 5 . . 3 3 . . . . 10 5 5 1 3 . . Catastrophic 26 | . . . 6 . 3 1 2 . . . . . . 1 . . . . . . 3 . . 1 1 . . . . 3 2 . 1 2 . . Database Lockouts . | . . . . . . . . . . . . . . . . . . . . . . . . . . . . . . . . . . . . . Manual 59 | . 3 . 13 . 9 . . . . . . . . 8 . . 4 . . 2 2 1 . 3 6 . . . . 4 3 . 1 . . . Terminals 102 | . 3 . 13 . 11 2 8 . . . . . . 8 . . . . . 7 6 . . 3 6 . . . . 12 8 9 1 4 1 . Fabricators 2 | . . . . . . . . . . . . . . 2 . . . . . . . . . . . . . . . . . . . . . . Repair Stations . | . . . . . . . . . . . . . . . . . . . . . . . . . . . . . . . . . . . . . Recycling Units . | . . . . . . . . . . . . . . . . . . . . . . . . . . . . . . . . . . . . . Scanalyzers . | . . . . . . . . . . . . . . . . . . . . . . . . . . . . . . . . . . . . . Garrison Access 11 | . . . . . 1 . 3 . . . . 1 . 1 . . . . . . . . . . . . . . . 2 1 1 . 1 . . Terminal Hacks 88 | . 2 5 1 1 2 . 4 . . 25 . . . 1 9 1 . . . 4 1 . . . 3 . 1 17 . 1 3 4 . 2 1 . Record 25 | . . 4 . . . . . . . 6 . . . . 9 . . . . . . . . . . . . 5 . . . . . 1 . . Part Schematic 16 | . . . . . . . 1 . . 11 . . . . . . . . . . . . . . . . . 4 . . . . . . . . Robot Schematic 5 | . . . . . . . . . . 5 . . . . . . . . . . . . . . . . . . . . . . . . . . Robot Analysis 6 | . 2 . . . . . . . . . . . . . . . . . . . . . . . . . . 4 . . . . . . . . Prototype ID Bank 7 | . . . . . . . . . . 3 . . . . . . . . . . . . . . . . . 4 . . . . . . . . Open Door 8 | . . . . 1 . . . . . . . . . . . 1 . . . . . . . . . . 1 . . . . 4 . . 1 . Branch Access Points 5 | . . . . . . . . . . . . . . 1 . . . . . 1 . . . . 1 . . . . 1 . . . 1 . . Terminal Index 1 | . . . . . . . 1 . . . . . . . . . . . . . . . . . . . . . . . . . . . . . Unreport Threat 9 | . . . 1 . . . 2 . . . . . . . . . . . . . 1 . . . 2 . . . . . 3 . . . . . Locate Traps 1 | . . . . . . . . . . . . . . . . . . . . 1 . . . . . . . . . . . . . . . . Security Status 1 | . . . . . . . . . . . . . . . . . . . . 1 . . . . . . . . . . . . . . . . Hauler Manifests 2 | . . . . . 1 . . . . . . . . . . . . . . 1 . . . . . . . . . . . . . . . . Zone Layout 1 | . . . . . 1 . . . . . . . . . . . . . . . . . . . . . . . . . . . . . . . Derelict Proto ID Bank 1 | . . 1 . . . . . . . . . . . . . . . . . . . . . . . . . . . . . . . . . . Fabricator Hacks 1 | . . . . . . . . . . . . . . 1 . . . . . . . . . . . . . . . . . . . . . . Network Status 1 | . . . . . . . . . . . . . . 1 . . . . . . . . . . . . . . . . . . . . . . Repair Station Hacks . | . . . . . . . . . . . . . . . . . . . . . . . . . . . . . . . . . . . . . Recycling Unit Hacks . | . . . . . . . . . . . . . . . . . . . . . . . . . . . . . . . . . . . . . Scanalyzer . | . . . . . . . . . . . . . . . . . . . . . . . . . . . . . . . . . . . . . Garrison Access Hacks 10 | . . . . . 1 . 3 . . . . 1 . 1 . . . . . . . . . . . . . . . 2 1 1 . . . . Unlock Access 2 | . . . . . 1 . 1 . . . . . . . . . . . . . . . . . . . . . . . . . . . . . Seal Access 8 | . . . . . . . 2 . . . . 1 . 1 . . . . . . . . . . . . . . . 2 1 1 . . . . Unauthorized Hacks 5 | . . . . . 1 . . . . . . . . 1 . . . . . 2 . . . . . . . . . 1 . . . . . . Terminals 4 | . . . . . 1 . . . . . . . . . . . . . . 2 . . . . . . . . . 1 . . . . . . Botnet 4 | . . . . . 1 . . . . . . . . . . . . . . 2 . . . . . . . . . 1 . . . . . . Fabricators 1 | . . . . . . . . . . . . . . 1 . . . . . . . . . . . . . . . . . . . . . . Fabnet 1 | . . . . . . . . . . . . . . 1 . . . . . . . . . . . . . . . . . . . . . . Repair Stations . | . . . . . . . . . . . . . . . . . . . . . . . . . . . . . . . . . . . . . Recycling Units . | . . . . . . . . . . . . . . . . . . . . . . . . . . . . . . . . . . . . . Scanalyzers . | . . . . . . . . . . . . . . . . . . . . . . . . . . . . . . . . . . . . . Garrison Access . | . . . . . . . . . . . . . . . . . . . . . . . . . . . . . . . . . . . . . Data Cores Recovered 3 | . . . 1 . . . . . . . . . . 1 . . . . . . . . . . 1 . . . . . . . . . . . Used . | . . . . . . . . . . . . . . . . . . . . . . . . . . . . . . . . . . . . . Hacking Detections 34 | . 1 . 4 . 3 1 3 . . . . . . 6 . . . . . 3 3 . . 1 1 . . . . 3 2 . 1 2 . . Full Trace Events 1 | . . . . . 1 . . . . . . . . . . . . . . . . . . . . . . . . . . . . . . . Feedback Events . | . . . . . . . . . . . . . . . . . . . . . . . . . . . . . . . . . . . . . Feedback Blocked . | . . . . . . . . . . . . . . . . . . . . . . . . . . . . . . . . . . . . . Robot Schematics Acquired 6 | . . . . . . . . . . 5 . . . . . . 1 . . . . . . . . . . . . . . . . . . . Robots Built . | . . . . . . . . . . . . . . . . . . . . . . . . . . . . . . . . . . . . . Authchips . | . . . . . . . . . . . . . . . . . . . . . . . . . . . . . . . . . . . . . Time . | . . . . . . . . . . . . . . . . . . . . . . . . . . . . . . . . . . . . . Total Robot Build Rating . | . . . . . . . . . . . . . . . . . . . . . . . . . . . . . . . . . . . . . Part Schematics Acquired 28 | . . . . . . . 1 . . 11 . . . . . . 12 . . . . . . . . . . 4 . . . . . . . . Parts Built . | . . . . . . . . . . . . . . . . . . . . . . . . . . . . . . . . . . . . . Authchips . | . . . . . . . . . . . . . . . . . . . . . . . . . . . . . . . . . . . . . Time . | . . . . . . . . . . . . . . . . . . . . . . . . . . . . . . . . . . . . . Total Part Build Rating . | . . . . . . . . . . . . . . . . . . . . . . . . . . . . . . . . . . . . . Parts Repaired . | . . . . . . . . . . . . . . . . . . . . . . . . . . . . . . . . . . . . . Time . | . . . . . . . . . . . . . . . . . . . . . . . . . . . . . . . . . . . . . Parts Recycled . | . . . . . . . . . . . . . . . . . . . . . . . . . . . . . . . . . . . . . Recycled Matter . | . . . . . . . . . . . . . . . . . . . . . . . . . . . . . . . . . . . . . Retrieved Matter . | . . . . . . . . . . . . . . . . . . . . . . . . . . . . . . . . . . . . . Retrieved Components . | . . . . . . . . . . . . . . . . . . . . . . . . . . . . . . . . . . . . . Parts Scanalyzed . | . . . . . . . . . . . . . . . . . . . . . . . . . . . . . . . . . . . . . Part Schematics Acquired . | . . . . . . . . . . . . . . . . . . . . . . . . . . . . . . . . . . . . . Parts Damaged . | . . . . . . . . . . . . . . . . . . . . . . . . . . . . . . . . . . . . . Bothacking | -11 -10 -10 -9 -9 -8 -8 -7 -7 -7 -7 -6 -6 -6 -6 -6 -6 -6 -6 -5 -5 -5 -5 -5 -5 -4 -4 -4 -4 -3 -3 -3 -3 -2 -1 -1 -1 ------------ Run | Jun Mat Sub Mat Min Mat Gar Fac Low Low Dat Pro Fac Was Fac Low Low Zio Dee Pro Fac Ext Cet Arc Hub Fac Upp Upp Zhi Pro Res Qua Sec Res Acc Com Ac0 Used RIF Installer 1 | . . . . . . 1 . . . . . . . . . . . . . . . . . . . . . . . . . . . . . . Robots Hacked 11 | . . . . . . . 2 . . . . 1 . . . . . . 2 . 2 . . 1 . . 1 . . 1 1 . . . . . Non-combat 3 | . . . . . . . . . . . . 1 . . . . . . . . . . . . . . . . . 1 1 . . . . . Combat 8 | . . . . . . . 2 . . . . . . . . . . . 2 . 2 . . 1 . . 1 . . . . . . . . . Robot Hacks Applied 13 | . . . . . . . 2 . . . . 3 . . . . . . . . 2 . . . . . . . . 3 3 . . . . . parse_system 2 | . . . . . . . . . . . . . . . . . . . . . 2 . . . . . . . . . . . . . . . purge_threat 7 | . . . . . . . . . . . . 2 . . . . . . . . . . . . . . . . . 3 2 . . . . . block_reporting 1 | . . . . . . . . . . . . 1 . . . . . . . . . . . . . . . . . . . . . . . . overwrite_iff 2 | . . . . . . . 2 . . . . . . . . . . . . . . . . . . . . . . . . . . . . . formatsys_low 1 | . . . . . . . . . . . . . . . . . . . . . . . . . . . . . . . 1 . . . . . Relay Couplers Released 21 | . . . . . . 17 . . . . . . . . . . . . . . . . . 4 . . . . . . . . . . . . Machine Destruction 17 | . . . . . . 17 . . . . . . . . . . . . . . . . . . . . . . . . . . . . . . Programmers 4 | . . . . . . . . . . . . . . . . . . . . . . . . 4 . . . . . . . . . . . . Attached 4 | . . . . . . . 1 . . . . 1 . . . . . . . . . . . . . . . . . 1 1 . . . . . Fabnet Peak Effective % 3 | . . . . . . . . . . . . . . . . . . . 3 3 3 3 3 3 1 1 1 1 . . . . . . . . Autooverrided 4 | . . . . . . . . . . . . . . . . . . . 2 . . . . 1 . . 1 . . . . . . . . . Robots Rewired 21 | . . . . . . . . . . . . . . . . . . . . . 21 . . . . . . . . . . . . . . . Allies Hacked 1 | . . . . . . . . . . . . . . 1 . . . . . . . . . . . . . . . . . . . . . . Hacks Repelled . | . . . . . . . . . . . . . . . . . . . . . . . . . . . . . . . . . . . . . Allies | -11 -10 -10 -9 -9 -8 -8 -7 -7 -7 -7 -6 -6 -6 -6 -6 -6 -6 -6 -5 -5 -5 -5 -5 -5 -4 -4 -4 -4 -3 -3 -3 -3 -2 -1 -1 -1 -------- Run | Jun Mat Sub Mat Min Mat Gar Fac Low Low Dat Pro Fac Was Fac Low Low Zio Dee Pro Fac Ext Cet Arc Hub Fac Upp Upp Zhi Pro Res Qua Sec Res Acc Com Ac0 Total Allies 130 | . . 18 . 2 . . 14 . . . 1 . 20 . . . . 1 2 . 28 5 . 1 . . 1 . . . 1 . 21 7 8 . Largest Group 20 | . . 5 5 2 2 . 8 . . . 1 . 20 17 6 6 . 1 1 . 20 20 6 4 . . 1 . . . 1 . 13 4 8 . Highest-Rated Group 911 | . . 95 95 47 47 . 157 . . . 96 . 770 620 228 228 . 119 12 . 724 911 436 384 . . 44 . . . 45 . 188 56 113 . Highest-Rated Ally 159 | . . 19 19 31 31 . 31 . . . 96 . 50 47 46 46 . 119 12 . 159 159 96 96 . . 44 . . . 45 . 15 15 15 . Total Orders 11 | . . . . . . . 4 . . . 3 . . . . 1 . . . . . . . . . 3 . . . . . . . . . . STAY 3 | . . . . . . . 1 . . . 2 . . . . . . . . . . . . . . . . . . . . . . . . . FOLLOW 2 | . . . . . . . 1 . . . 1 . . . . . . . . . . . . . . . . . . . . . . . . . EXPLORE 4 | . . . . . . . . . . . . . . . . 1 . . . . . . . . . 3 . . . . . . . . . . RETURN 2 | . . . . . . . 2 . . . . . . . . . . . . . . . . . . . . . . . . . . . . . Ally Attacks 941 | . . 38 112 14 23 . 45 . . . 19 . . 126 . 14 . 19 8 . 192 158 23 67 . . 5 . . . . . 64 . 14 . Total Damage 21652 | . . 442 1974 130 234 . 571 . . . 514 . . 2172 . 324 . 1604 181 . 4409 4096 819 2680 . . 126 . . . . . 1151 . 225 . Kills 155 | . . 4 30 4 3 . 5 . . . 5 . . 20 . 1 . 10 1 . 26 31 2 10 . . 1 . . . . . 2 . . . Allies Corrupted 12 | . . . . . . . . . . . 1 . 3 1 . 2 . . . . . 1 . 1 . . . . . . . . 2 . 1 . Allies Melted . | . . . . . . . . . . . . . . . . . . . . . . . . . . . . . . . . . . . . . Intel | -11 -10 -10 -9 -9 -8 -8 -7 -7 -7 -7 -6 -6 -6 -6 -6 -6 -6 -6 -5 -5 -5 -5 -5 -5 -4 -4 -4 -4 -3 -3 -3 -3 -2 -1 -1 -1 ------- Run | Jun Mat Sub Mat Min Mat Gar Fac Low Low Dat Pro Fac Was Fac Low Low Zio Dee Pro Fac Ext Cet Arc Hub Fac Upp Upp Zhi Pro Res Qua Sec Res Acc Com Ac0 Robot Analysis Total 6 | . 2 . . . . . . . . . . . . . . . . . . . . . . . . . . 4 . . . . . . . . Derelict Logs Recovered 12 | . . 2 . 1 . . . 2 1 . 1 . . . . 1 . . 3 . . . . . . . 1 . . . . . . . . . Drone Launches 21 | . . . . . . . 6 . . . 1 1 . 3 . 7 . . . . . . . . . 3 . . . . . . . . . . Drone Recoveries 14 | . . . . . . . 5 . . . . . . 1 . 7 . . . . . . . . . 1 . . . . . . . . . . Exploration | -11 -10 -10 -9 -9 -8 -8 -7 -7 -7 -7 -6 -6 -6 -6 -6 -6 -6 -6 -5 -5 -5 -5 -5 -5 -4 -4 -4 -4 -3 -3 -3 -3 -2 -1 -1 -1 ------------- Run | Jun Mat Sub Mat Min Mat Gar Fac Low Low Dat Pro Fac Was Fac Low Low Zio Dee Pro Fac Ext Cet Arc Hub Fac Upp Upp Zhi Pro Res Qua Sec Res Acc Com Ac0 Turns Passed 47091 | 63 1104 4949 1325 822 816 1139 2969 555 473 119 912 762 639 1655 1799 1511 2040 4398 1235 710 1715 699 122 636 520 1351 1840 533 1070 2797 1901 2060 406 101 1267 78 Spaces Moved 20966 | 36 404 1942 732 460 431 528 1187 365 303 92 489 404 251 712 745 578 613 1492 534 255 673 198 50 211 199 285 729 184 397 971 766 972 754 265 1648 111 Core 4 | 4 . . . . . . . . . . . . . . . . . . . . . . . . . . . . . . . . . . . . Treads 9014 | 32 404 1942 732 460 431 528 521 . . . . . 226 712 745 578 613 1090 . . . . . . . . . . . . . . . . . . Legs 9604 | . . . . . . . . . . . . . . . . . . 402 534 255 673 198 50 211 199 285 729 184 397 971 766 972 754 265 1648 111 Wheels 2344 | . . . . . . . 666 365 303 92 489 404 25 . . . . . . . . . . . . . . . . . . . . . . . Hover . | . . . . . . . . . . . . . . . . . . . . . . . . . . . . . . . . . . . . . Flight . | . . . . . . . . . . . . . . . . . . . . . . . . . . . . . . . . . . . . . Fastest Speed 30 | 50 160 240 160 160 160 160 140 140 140 125 140 170 170 160 240 240 240 160 210 180 210 210 210 210 210 210 240 183 210 180 182 30 30 30 30 30 Average Speed 182 | 147 207 240 160 160 160 160 218 140 140 126 168 170 233 226 240 240 240 232 210 209 210 210 210 210 237 239 240 209 210 190 191 145 30 30 30 30 Slowest Speed 560 | 160 240 240 160 160 160 160 560 140 140 140 170 170 240 240 240 240 240 320 210 210 210 210 210 210 240 240 240 210 210 240 247 226 30 30 30 30 Overloaded Moves . | . . . . . . . . . . . . . . . . . . . . . . . . . . . . . . . . . . . . . Propulsion Burnouts . | . . . . . . . . . . . . . . . . . . . . . . . . . . . . . . . . . . . . . Robots Hopped . | . . . . . . . . . . . . . . . . . . . . . . . . . . . . . . . . . . . . . Cave-ins Triggered 1 | . . . . . . . . . . . . . . . . . . . . . . . . . . . . . . 1 . . . . . . Teleports 3 | . . . . . . . . . . . . . . . . . . . . . . . . . . . . . . 1 . . . . 1 1 Exploration Rate (%) 55 | 3 84 96 77 94 49 70 34 53 50 70 59 14 89 28 90 66 64 82 70 9 86 56 74 26 5 94 92 60 60 37 92 64 20 5 33 6 Regions Visited 36 Branch Regions 23 Pre-discovered Areas 11 | . . 2 . . . . . 1 1 1 . . . . 1 1 . . 1 . . . . . . . . 3 . . . . . . . . Known Exits Taken 12 | . . . . . 1 . 1 1 . . 1 . . 1 . 1 . . 1 1 . . . . 1 1 . . . 1 . . . 1 . . Unknown Exits Taken 21 | 1 1 1 1 1 . . . . 1 1 . . . . 1 . 1 1 . . 1 1 1 1 . . 1 1 1 . 1 1 1 . 1 . Scrap Searched 38 | . . 12 . 3 . . . 2 3 . 2 . . . 4 4 2 . 1 . . . . . . 1 2 . 2 . . . . . . . Spaces Dug 259 | . 3 11 18 . 1 5 18 . . . 8 3 . 2 4 . . 17 10 43 1 . . 2 . 1 10 . 2 33 9 5 36 7 8 2 Terrain Destroyed 1482 | . 17 98 39 72 66 11 25 . 29 . 23 72 . 2 4 37 104 93 18 47 10 . . 164 29 4 26 . 11 231 27 16 54 7 100 46 Melee 39 | . 3 11 . . 1 . 14 . . . 1 3 . 2 4 . . . . . . . . . . . . . . . . . . . . . Projectile 437 | . . . . . . . 1 . 2 . 2 . . . . 1 . 3 18 7 10 . . 15 5 4 26 . 11 82 27 16 54 7 100 46 AOE 1006 | . 14 87 39 72 65 11 10 . 27 . 20 69 . . . 36 104 90 . 40 . . . 149 24 . . . . 149 . . . . . . Terrain Rammed . | . . . . . . . . . . . . . . . . . . . . . . . . . . . . . . . . . . . . . Walls Destroyed . | . . . . . . . . . . . . . . . . . . . . . . . . . . . . . . . . . . . . . Machines Disabled . | . . . . . . . . . . . . . . . . . . . . . . . . . . . . . . . . . . . . . Actions | -11 -10 -10 -9 -9 -8 -8 -7 -7 -7 -7 -6 -6 -6 -6 -6 -6 -6 -6 -5 -5 -5 -5 -5 -5 -4 -4 -4 -4 -3 -3 -3 -3 -2 -1 -1 -1 --------- Run | Jun Mat Sub Mat Min Mat Gar Fac Low Low Dat Pro Fac Was Fac Low Low Zio Dee Pro Fac Ext Cet Arc Hub Fac Upp Upp Zhi Pro Res Qua Sec Res Acc Com Ac0 Total 27519 | 43 587 2104 855 511 521 720 1411 405 329 95 539 458 285 749 749 644 910 2324 596 380 926 441 57 325 221 952 777 330 595 1538 1056 1452 904 285 2303 142 Wait 3925 | . 120 40 50 19 47 60 92 36 1 . 7 19 . 21 . 25 54 610 12 54 100 189 2 50 . 656 12 113 168 260 150 294 119 14 530 1 Move 20932 | 35 403 1941 731 459 431 527 1186 364 302 91 488 404 250 711 744 577 612 1491 533 254 672 197 49 211 198 284 728 183 396 969 765 972 753 264 1647 110 Hop . | . . . . . . . . . . . . . . . . . . . . . . . . . . . . . . . . . . . . . Pick Up 254 | 2 9 11 16 2 5 18 6 2 2 . 6 3 1 5 . 1 6 44 2 24 6 7 . 4 3 . 5 2 2 16 11 23 . . 7 3 Fast Attach 105 | 6 2 1 . 1 . 6 9 . . 2 2 . 2 . . 2 . 13 5 2 . 1 . 2 1 2 . 10 . 12 3 11 . . 8 2 Attach 100 | . 2 . 2 2 3 12 4 . . . 4 4 . 3 . . 8 7 1 3 5 2 . . 1 . . 3 1 11 6 6 2 3 3 2 Detach 124 | . 1 1 . . . 3 2 . . . 1 2 2 3 . . 2 14 5 6 6 5 . 1 2 6 . 5 3 17 8 19 . 3 4 3 Swap 203 | . 3 13 10 6 6 9 31 . 4 . 5 9 3 1 . 5 5 16 5 4 2 . 1 5 3 . 5 . 3 19 13 11 . . 4 2 Drop 204 | . . 6 17 . 4 14 2 1 2 2 6 . 7 1 . 3 2 38 4 3 5 4 . 8 . 2 5 11 2 12 8 20 . . 11 4 Fire 1423 | . 27 24 26 22 24 71 57 2 18 . 19 8 12 . . 31 221 81 29 21 60 36 5 40 13 2 22 . 20 220 86 94 27 1 89 15 Melee 154 | . 16 67 1 . 1 . 20 . . . 1 9 8 4 5 . . 8 . 9 . . . . . . . 3 . . . 2 . . . . Ram 1 | . . . . . . . 1 . . . . . . . . . . . . . . . . . . . . . . . . . . . . . Kick 9 | . . . . . . . . . . . . . . . . . . . . . . . . 4 . . . . . 1 1 . 3 . . . Crush 9 | . 4 . 2 . . . 1 . . . . . . . . . . 2 . . . . . . . . . . . . . . . . . . Escape Stasis 37 | . . . . . . . . . . . . . . . . . . . . . 31 . . . . . . . . 1 5 . . . . . Rewire 39 | . . . . . . . . . . . . . . . . . . . . . 39 . . . . . . . . . . . . . . . Trap . | . . . . . . . . . . . . . . . . . . . . . . . . . . . . . . . . . . . . . Miscellaneous . | . . . . . . . . . . . . . . . . . . . . . . . . . . . . . . . . . . . . . Route ------- -11/Junkyard -10/Materials (discovered 5 exits: *Mat x3 / [*Min] / *Sub) -10/Subcaves (discovered 3 exits: *Mat / *Mat / [*Rec]) -9/Materials (discovered 4 exits: *Mat x2 / *Min x2) -9/Mines (discovered 2 exits: *Mat x2) -8/Materials (discovered 2 exits: *Fac / Gar) -8/Garrison (discovered 3 exits: *Fac x3) -7/Factory (discovered 3 exits: *Fac / *Sto / *Low) -7/Lower Caves -7/Lower Caves -7/Data Miner -6/Proximity Caves -6/Factory -6/Waste -6/Factory (discovered 3 exits: *Fac / *Low x2) -6/Lower Caves -6/Lower Caves (discovered 2 exits: *Fac / *Zio) -6/Zion (discovered 2 exits: [*Dee] / [*Pro]) -6/Deep Caves -5/Proximity Caves -5/Factory (discovered 4 exits: Upp x2 / *Ext x2) -5/Extension (discovered 2 exits: *Fac / *Cet) -5/Cetus (discovered 2 exits: *Fac / [*Arc]) -5/Archives (discovered 2 exits: *Fac / *Hub) -5/Hub_04(d) (discovered 2 exits: *Fac x2) -4/Factory (discovered 2 exits: *Upp x2) -4/Upper Caves -4/Upper Caves (discovered 2 exits: *Res / *Zhi) -4/Zhirov -3/Proximity Caves -3/Research (discovered 3 exits: *Arm / *Qua x2) -3/Quarantine (discovered 2 exits: *Res / *Sec) -3/Section 7 -2/Research -1/Access -1/Command (discovered 3 exits: [*Sur x2] / [*Ac0]) -1/Access_0 Near Former Tau Ceti IV History --------- Turn | Location | Event 13 | -11/Junkyard | Discovered new exit (range 13) 64 | -11/Junkyard | Entered Materials 203 | -10/Materials | Discovered new exit (range 15) 260 | -10/Materials | Discovered new exit (range 14) 352 | -10/Materials | Build established: Mutant 454 | -10/Materials | Discovered new exit (range 5) 957 | -10/Materials | Discovered new exit (range 11) 1162 | -10/Materials | Discovered new exit (range 3) 1168 | -10/Materials | Entered Subcaves 1180 | -10/Subcaves | Discovered new exit (range 16) 1255 | -10/Subcaves | A swath of the cavern ceiling suddenly collapsed 1417 | -10/Subcaves | A swath of the cavern ceiling suddenly collapsed 2398 | -10/Subcaves | Visited triangular shrine 2413 | -10/Subcaves | Found Prototype Device 2413 | -10/Subcaves | Identified V3-11A's Pendant 2418 | -10/Subcaves | Befriended Subdweller 2467 | -10/Subcaves | Befriended Subdweller 2512 | -10/Subcaves | Befriended Subdweller 2517 | -10/Subcaves | Befriended Subdweller 2762 | -10/Subcaves | Befriended Subdweller 2813 | -10/Subcaves | Learned 2 Materials zone layouts 3033 | -10/Subcaves | Visited 4L-MR0's lab 3059 | -10/Subcaves | Found Power Bank 3181 | -10/Subcaves | Core integrity fell below 50% 3211 | -10/Subcaves | Discovered new exit (range 12) 3215 | -10/Subcaves | Learned location of Zion (-6) 3215 | -10/Subcaves | Met a Zionite searching for "candidates" 3287 | -10/Subcaves | Befriended Subdweller 3307 | -10/Subcaves | Befriended Subdweller 3495 | -10/Subcaves | Shifting Twisted Machinery released Mak. Axe 3540 | -10/Subcaves | Shifting Twisted Machinery released Sub. Shrapnel Launcher 3579 | -10/Subcaves | Ambushed by angry Subdweller bent on revenge 3582 | -10/Subcaves | Befriended Subdweller 4076 | -10/Subcaves | Disturbed a concealed Subdweller 4077 | -10/Subcaves | Befriended Subdweller 4412 | -10/Subcaves | Befriended Subdweller 4542 | -10/Subcaves | Befriended Subdweller 4566 | -10/Subcaves | Visited Clippyterm 4622 | -10/Subcaves | Discovered new exit (range 12) 4703 | -10/Subcaves | Approached by friendly Subdweller 4707 | -10/Subcaves | Befriended Subdweller 4712 | -10/Subcaves | Befriended Subdweller 4712 | -10/Subcaves | Befriended Subdweller 4868 | -10/Subcaves | Shifting Twisted Machinery released Mak. Armor Plating 4871 | -10/Subcaves | Shifting Twisted Machinery released Flamer 4892 | -10/Subcaves | Befriended Subdweller 4972 | -10/Subcaves | Befriended Subdweller 5257 | -10/Subcaves | Befriended Subdweller 5630 | -10/Subcaves | Shifting Twisted Machinery released Sub. Power Source 5630 | -10/Subcaves | Shifting Twisted Machinery released Mak. System Shield 6117 | -10/Subcaves | Entered Materials 6117 | -9/Materials | Accompanied by 5 allies 6117 | -9/Materials | Evolved 2 slots: Propulsion x1, Utility x1 6292 | -9/Materials | Discovered new exit (range 15) 6409 | -9/Materials | Discovered new exit (range 15) 6901 | -9/Materials | Discovered new exit (range 9) 7289 | -9/Materials | Discovered new exit (range 16) 7317 | -9/Materials | First assault squad dispatched 7442 | -9/Materials | Entered Mines 7443 | -9/Mines | Assembled infested the area 7448 | -9/Mines | Assisted by a Guerilla fighting off Assembled 7503 | -9/Mines | Destroyed 16 combat bots 7723 | -9/Mines | Found Prototype Device 7730 | -9/Mines | Identified Sensor Drone Bay 7776 | -9/Mines | Learned location of 1 exit from Materials 7922 | -9/Mines | Discovered new exit (range 13) 8051 | -9/Mines | Found a hidden stash of uninstalled traps 8238 | -9/Mines | Discovered new exit (range 7) 8264 | -9/Mines | Entered Materials 8264 | -8/Materials | Accompanied by 2 allies 8264 | -8/Materials | Evolved 2 slots: Propulsion x1, Utility x1 8265 | -8/Materials | Identified exit to Factory 8269 | -8/Materials | Led the pair of lost Derelicts to an unsafe place 8925 | -8/Materials | Destroyed 10 combat bots 9080 | -8/Materials | Identified exit to Garrison 9080 | -8/Materials | Entered Garrison 9138 | -8/Garrison | Triggered checkpoint 9191 | -8/Garrison | Lost 3 parts (1p1n1u) 9213 | -8/Garrison | Installed Relay Interface Framework 9236 | -8/Garrison | Garrison Relay disabled 9261 | -8/Garrison | Attached Power Bank, gained temporary slots: Power x3 9321 | -8/Garrison | Build established: Scavenger-Mutant 9330 | -8/Garrison | Triggered checkpoint 9394 | -8/Garrison | Discovered exit to Factory (range 10) 9442 | -8/Garrison | Triggered checkpoint 9473 | -8/Garrison | Garrison Relay disabled 9567 | -8/Garrison | Triggered checkpoint 9696 | -8/Garrison | Lost 3 parts (1n2w) 9735 | -8/Garrison | Discovered exit to Factory (range 13) 9814 | -8/Garrison | Triggered checkpoint 9885 | -8/Garrison | Garrison Relay disabled 9903 | -8/Garrison | Garrison Relay disabled 9992 | -8/Garrison | Triggered checkpoint 9994 | -8/Garrison | Triggered checkpoint 10050 | -8/Garrison | Discovered exit to Factory (range 9) 10219 | -8/Garrison | Entered Factory 10219 | -7/Factory | Evolved 2 slots: Power x1, Utility x1 11314 | -7/Factory | Found Powered Armor 11317 | -7/Factory | Found Powered Armor 11321 | -7/Factory | Found Powered Armor 11324 | -7/Factory | Found Powered Armor 11781 | -7/Factory | Discovered new exit (range 18) 11846 | -7/Factory | Identified exit to Factory 12698 | -7/Factory | Build established: Mutant 12741 | -7/Factory | Discovered new exit (range 9) 12779 | -7/Factory | Identified exit to Storage 12981 | -7/Factory | Identified exit to Garrison 13074 | -7/Factory | Discovered new exit (range 7) 13185 | -7/Factory | Identified exit to Lower Caves 13188 | -7/Factory | Entered Lower Caves 13188 | -7/Lower Caves | Accompanied by 1 ally 13294 | -7/Lower Caves | Learned 4 Factory zone layouts 13432 | -7/Lower Caves | Build established: Scavenger-Mutant 13624 | -7/Lower Caves | Discovered new exit (range 6) 13657 | -7/Lower Caves | Identified exit to Lower Caves 13743 | -7/Lower Caves | Entered another Lower Caves area 13743 | -7/Lower Caves | Accompanied by 1 ally 13751 | -7/Lower Caves | Encountered a Warlord checkpoint 14058 | -7/Lower Caves | Discovered new exit (range 15) 14216 | -7/Lower Caves | Entered Data Miner 14216 | -7/Data Miner | Accompanied by 1 ally 14217 | -7/Data Miner | Discovered new exit (range 7) 14241 | -7/Data Miner | Met Data Miner 14266 | -7/Data Miner | Learned location of Section 7 (-3) 14266 | -7/Data Miner | Acquired the access code to Warlord's prototype stash 14284 | -7/Data Miner | Received God Mode back door access code from Data Miner 14335 | -7/Data Miner | Entered Proximity Caves 14335 | -6/Proximity Caves | Accompanied by 1 ally 14338 | -6/Proximity Caves | Spotter reported a threat 14402 | -6/Proximity Caves | Escorted by Enhanced Grunt 14428 | -6/Proximity Caves | Lost 3 parts (1p2n) 14496 | -6/Proximity Caves | Found Imp. Powered Armor 14645 | -6/Proximity Caves | Spotter reported a threat 14701 | -6/Proximity Caves | Spotter reported a threat 14754 | -6/Proximity Caves | Spotter reported a threat 14826 | -6/Proximity Caves | Encountered a Derelict sapper outpost 15247 | -6/Proximity Caves | Entered Factory 15247 | -6/Factory | Accompanied by 1 ally 15247 | -6/Factory | Evolved 2 slots: Utility x2 15248 | -6/Factory | Identified exit to Factory 15597 | -6/Factory | Search patrols dispatched 15650 | -6/Factory | Noticed a derelict Sapper rigging charges 16009 | -6/Factory | Sucked down chute 16009 | -6/Factory | Entered Waste 16010 | -6/Waste | Joined by Warlord forces that had cleared the area 16387 | -6/Waste | Discovered new exit (range 15) 16648 | -6/Waste | Entered Factory 16648 | -6/Factory | Accompanied by 17 allies 17761 | -6/Factory | Discovered exit to Factory (range 5) 17879 | -6/Factory | Identified exit to Lower Caves 18303 | -6/Factory | Entered Lower Caves 18303 | -6/Lower Caves | Accompanied by 7 allies 18402 | -6/Lower Caves | Learned location of Extension (-5) 18402 | -6/Lower Caves | Learned Research stockpile data 18402 | -6/Lower Caves | Learned Research security intel 19111 | -6/Lower Caves | Encountered a Warlord checkpoint 19386 | -6/Lower Caves | Discovered new exit (range 8) 20102 | -6/Lower Caves | Entered another Lower Caves area 20102 | -6/Lower Caves | Accompanied by 7 allies 20103 | -6/Lower Caves | Discovered exit to Factory (range 8) 20104 | -6/Lower Caves | Ambushed by wild Derelicts 20454 | -6/Lower Caves | Spotted B-75 Beast 20536 | -6/Lower Caves | Destroyed B-75 Beast 21141 | -6/Lower Caves | Encountered a Warlord checkpoint 21541 | -6/Lower Caves | Discovered new exit (range 15) 21576 | -6/Lower Caves | Attracted the attention of an 0b10 outpost 21610 | -6/Lower Caves | Identified exit to Zion 21613 | -6/Lower Caves | Entered Zion 21668 | -6/Zion | Found CR-A16's Pointy Stick 21842 | -6/Zion | Discovered new exit (range 16) 21926 | -6/Zion | RIF detected upon attempting to enter Zion 21926 | -6/Zion | Attacked by Zionites 21926 | -6/Zion | Spotted JY-A3H(B) 21926 | -6/Zion | Spotted F1-7P9(B) 21974 | -6/Zion | Destroyed F1-7P9(B) 22057 | -6/Zion | Destroyed JY-A3H(B) 22156 | -6/Zion | Destroyed Imprinter 22161 | -6/Zion | Extracted access codes from Imprinter's data core 23608 | -6/Zion | Opened final containment barrier to the Deep Caves 23646 | -6/Zion | Discovered new exit (range 3) 23646 | -6/Zion | Saw the warning signs outside the Deep Caves entrance 23653 | -6/Zion | Entered Deep Caves 23656 | -6/Deep Caves | Met 5H-AD0 23853 | -6/Deep Caves | Found Surveybot 24 Scanner 23856 | -6/Deep Caves | Found Unknown Processor 23963 | -6/Deep Caves | Z-Facility disabled 24484 | -6/Deep Caves | Found Prototype Protection 24484 | -6/Deep Caves | Identified Zio. Weapon Casing 24577 | -6/Deep Caves | Found Prototype Protection 24577 | -6/Deep Caves | Identified Zio. Heavy Carapace 24588 | -6/Deep Caves | Found Zio. Heavy Carapace 24596 | -6/Deep Caves | Found Zio. Weapon Casing 24641 | -6/Deep Caves | Found Zio. Weapon Casing 24680 | -6/Deep Caves | Found Zio. Weapon Casing 25176 | -6/Deep Caves | Discovered new exit (range 6) 25610 | -6/Deep Caves | Spotted as-42572 25648 | -6/Deep Caves | Destroyed as-42572 25768 | -6/Deep Caves | Spotted as-53690 25822 | -6/Deep Caves | Destroyed as-53690 26408 | -6/Deep Caves | Triggered Deep Caves wall 26408 | -6/Deep Caves | Spotted AS-14941 26409 | -6/Deep Caves | Spotted AS-65617 26415 | -6/Deep Caves | Destroyed AS-65617 26446 | -6/Deep Caves | Destroyed AS-14941 26469 | -6/Deep Caves | Destroyed 38 combat bots 26479 | -6/Deep Caves | Lost 3 parts (1p2u) 26565 | -6/Deep Caves | Exposed GOLEM chamber 26570 | -6/Deep Caves | Found GOLEM Unit 26631 | -6/Deep Caves | Found GOLEM Unit 26992 | -6/Deep Caves | Build established: Golem 27888 | -6/Deep Caves | Found Prototype Leg 27937 | -6/Deep Caves | Found GOLEM Unit 28051 | -6/Deep Caves | Entered Proximity Caves 28074 | -5/Proximity Caves | Unaware initiated a cargo recovery operation 28347 | -5/Proximity Caves | Found Prototype Device 28362 | -5/Proximity Caves | Identified Exp. Thermal Shield 28371 | -5/Proximity Caves | Found Prototype Processor 28371 | -5/Proximity Caves | Identified Exp. Melee Analysis Suite 28625 | -5/Proximity Caves | Learned location of 1 exit from Upper Caves 28808 | -5/Proximity Caves | Learned location of Warlord (-5) 29286 | -5/Proximity Caves | Entered Factory 29286 | -5/Factory | Evolved 2 slots: Utility x2 29400 | -5/Factory | Identified Surveybot 24 Chip 29578 | -5/Factory | Identified exit to Upper Caves 29578 | -5/Factory | Identified exit to Extension 29601 | -5/Factory | Spotted B-75 Beast 29781 | -5/Factory | Revealed the true nature of CR-A16's Pointy Stick 29784 | -5/Factory | Destroyed B-75 Beast 29996 | -5/Factory | Entered Extension 30068 | -5/Extension | Rescued a captive Derelict 30267 | -5/Extension | Rescued A7 30424 | -5/Extension | Build established: Commander-Golem 30976 | -5/Extension | Spotted B-75 Beast 30994 | -5/Extension | Allies destroyed B-75 Beast 30995 | -5/Extension | Spotted B-75 Beast 31006 | -5/Extension | Allies destroyed B-75 Beast 31081 | -5/Extension | Rescued a captive Derelict 31317 | -5/Extension | Rescued a captive Derelict 31545 | -5/Extension | Rescued a captive Derelict 31545 | -5/Extension | Rescued a captive Derelict 31568 | -5/Extension | Rescued a captive Derelict 31649 | -5/Extension | Discovered new exit (range 10) 31651 | -5/Extension | Discovered new exit (range 6) 31711 | -5/Extension | Entered Cetus 31711 | -5/Cetus | Accompanied by 20 allies (A7) 31716 | -5/Cetus | Acquired a Cetus Manufacturing Module code from A7 31736 | -5/Cetus | Spotted Cetus Guard 31736 | -5/Cetus | Spotted Cetus Guard 31737 | -5/Cetus | Spotted Cetus Guard 31737 | -5/Cetus | Spotted Cetus Guard 31749 | -5/Cetus | Allies destroyed Cetus Guard 31751 | -5/Cetus | Allies destroyed Cetus Guard 31752 | -5/Cetus | Allies destroyed Cetus Guard 31753 | -5/Cetus | Allies destroyed Cetus Guard 31885 | -5/Cetus | Started Cetus Manufacturing Module 31910 | -5/Cetus | Manufactured an Enhanced Grunt 31910 | -5/Cetus | Discovered new exit (range 15) 31935 | -5/Cetus | Manufactured an Enhanced Grunt 31960 | -5/Cetus | Manufactured an Enhanced Grunt 31985 | -5/Cetus | Manufactured an Enhanced Grunt 32010 | -5/Cetus | Manufactured an Enhanced Grunt 32035 | -5/Cetus | Spotted Cetus Guard 32035 | -5/Cetus | Spotted Cetus Guard 32043 | -5/Cetus | Destroyed Cetus Guard 32044 | -5/Cetus | Spotted Cetus Guard 32047 | -5/Cetus | Allies destroyed Cetus Guard 32074 | -5/Cetus | Discovered new exit (range 16) 32090 | -5/Cetus | Met Revision 17 32388 | -5/Cetus | Destroyed A7 32390 | -5/Cetus | Extracted ID and sensor layout for unrecognized location from A7's data core 32399 | -5/Cetus | Found Med. Regenerative Plating 32410 | -5/Cetus | Entered Archives 32410 | -5/Archives | Accompanied by 6 allies 32472 | -5/Archives | Discovered new exit (range 15) 32490 | -5/Archives | Discovered new exit (range 16) 32532 | -5/Archives | Entered Hub_04(d) 32532 | -5/Hub_04(d) | Accompanied by 4 allies 32609 | -5/Hub_04(d) | Found Prototype Processor 32609 | -5/Hub_04(d) | Identified Exp. Targeting Computer 32624 | -5/Hub_04(d) | Found Exp. Targeting Computer 32682 | -5/Hub_04(d) | Discovered new exit (range 19) 32834 | -5/Hub_04(d) | Network Hub disabled 32858 | -5/Hub_04(d) | Discovered new exit (range 20) 32951 | -5/Hub_04(d) | Spotted Lightning 32952 | -5/Hub_04(d) | Spotted Lightning 32952 | -5/Hub_04(d) | Spotted Lightning 33031 | -5/Hub_04(d) | Destroyed Lightning 33034 | -5/Hub_04(d) | System corruption reached 10% 33047 | -5/Hub_04(d) | Destroyed Lightning 33090 | -5/Hub_04(d) | Destroyed 9 combat bots 33132 | -5/Hub_04(d) | First assault squad dispatched 33134 | -5/Hub_04(d) | Build established: Golem 33160 | -5/Hub_04(d) | Incoming assault squad redirected 33168 | -5/Hub_04(d) | Entered Factory 33168 | -4/Factory | Evolved 2 slots: Power x1, Utility x1 33320 | -4/Factory | Identified exit to Upper Caves 33625 | -4/Factory | Build established: Scavenger-Golem 33688 | -4/Factory | Entered Upper Caves 33689 | -4/Upper Caves | Identified exit to Upper Caves 35039 | -4/Upper Caves | Entered another Upper Caves area 35241 | -4/Upper Caves | Attracted the attention of an 0b10 checkpoint 35297 | -4/Upper Caves | Learned 4 Research zone layouts 35670 | -4/Upper Caves | Build established: Golem 35797 | -4/Upper Caves | Discovered new exit (range 11) 36271 | -4/Upper Caves | Destroyed 8 combat bots 36444 | -4/Upper Caves | Discovered new exit (range 10) 36879 | -4/Upper Caves | Entered Zhirov 36880 | -4/Zhirov | Discovered new exit (range 3) 36918 | -4/Zhirov | Met Zhirov 36958 | -4/Zhirov | Learned location of Quarantine (-3) 36958 | -4/Zhirov | Learned location of Testing (-2) 36958 | -4/Zhirov | Learned location of Command (-1) 36977 | -4/Zhirov | Zhirov requested help retrieving the SGEMP Prototype 37013 | -4/Zhirov | Found Alien Artifact 37013 | -4/Zhirov | Identified Integrated Reactor 37013 | -4/Zhirov | Installed Integrated Reactor, increased core energy generation (+10) 37171 | -4/Zhirov | Found Alien Artifact 37412 | -4/Zhirov | Entered Proximity Caves 37504 | -3/Proximity Caves | Spotter reported a threat 38062 | -3/Proximity Caves | Encountered a Derelict sapper outpost 38265 | -3/Proximity Caves | Discovered new exit (range 12) 38482 | -3/Proximity Caves | Entered Research 38482 | -3/Research | Evolved 2 slots: Propulsion x1, Utility x1 38483 | -3/Research | Identified exit to Armory 38503 | -3/Research | Build established: Scavenger-Golem 39112 | -3/Research | Spotted B-86 Titan 39807 | -3/Research | Spotted Executioner 39807 | -3/Research | Spotted Striker 39808 | -3/Research | Cargo convoy interrupted 39808 | -3/Research | Identified Transdimensional Reconstructor 39808 | -3/Research | Warped through subspace 39809 | -3/Research | Spotted Striker 39811 | -3/Research | Destroyed Striker 39813 | -3/Research | Destroyed Striker 39820 | -3/Research | Destroyed Executioner 39841 | -3/Research | Destroyed 10 combat bots 40232 | -3/Research | First assault squad dispatched 40464 | -3/Research | Spotted B-86 Titan 40529 | -3/Research | Incoming assault squad redirected 40856 | -3/Research | Crushed by falling debris 40948 | -3/Research | Identified exit to Quarantine 41279 | -3/Research | Entered Quarantine 41348 | -3/Quarantine | Found Alien Artifact 41483 | -3/Quarantine | Lost 3 parts (1p2n) 41529 | -3/Quarantine | First assault squad dispatched 41706 | -3/Quarantine | Lost 3 parts (1n2u) 41871 | -3/Quarantine | Found Alien Artifact 42355 | -3/Quarantine | Found Alien Energy Cannon 42543 | -3/Quarantine | Discovered new exit (range 16) 42926 | -3/Quarantine | Spotted Fortress 43068 | -3/Quarantine | Discovered new exit (range 6) 43180 | -3/Quarantine | Entered Section 7 43180 | -3/Section 7 | Identified Core Reset Matrix 43180 | -3/Section 7 | Identified Subatomic Replicator 43180 | -3/Section 7 | Identified Core Cannon 43180 | -3/Section 7 | Used Core Reset Matrix 43184 | -3/Section 7 | Sensed 20 artifacts in vicinity 43695 | -3/Section 7 | Spotted Alpha 7 43702 | -3/Section 7 | Destroyed 7 combat bots 43714 | -3/Section 7 | Found Core Membrane 43714 | -3/Section 7 | Installed Core Membrane, gained immunity to corruption 43750 | -3/Section 7 | Destroyed Alpha 7 43900 | -3/Section 7 | Found Core Regenerator 43930 | -3/Section 7 | First assault squad dispatched 43949 | -3/Section 7 | Incoming assault squad redirected 44015 | -3/Section 7 | Spotted Executioner 44017 | -3/Section 7 | Spotted Executioner 44025 | -3/Section 7 | Destroyed Executioner 44040 | -3/Section 7 | Destroyed Executioner 44052 | -3/Section 7 | Found Prototype Processor 44193 | -3/Section 7 | Spotted B-99 Colossus 44283 | -3/Section 7 | Core integrity fell below 50% 44306 | -3/Section 7 | Destroyed B-99 Colossus 44343 | -3/Section 7 | Lost 4 parts (3u1w) 44397 | -3/Section 7 | Found LRC Storage 44397 | -3/Section 7 | Installed LRC Storage, increased inventory capacity (+2) 44408 | -3/Section 7 | Found LRC Boosters 44408 | -3/Section 7 | Installed LRC Boosters, increased mass support (+10) 44411 | -3/Section 7 | Found LRC Storage 44411 | -3/Section 7 | Installed LRC Storage, increased inventory capacity (+2) 44671 | -3/Section 7 | Found Transdimensional Reconstructor 44688 | -3/Section 7 | Build established: Alien-Golem 44688 | -3/Section 7 | Found Terrabomb 44825 | -3/Section 7 | Found Sigix Sheargun 45093 | -3/Section 7 | Integrated with Sigix Exoskeleton 45093 | -3/Section 7 | Identified Exp. Core Analyzer 45203 | -3/Section 7 | Found Exp. Targeting Computer 45225 | -3/Section 7 | Discovered new exit (range 16) 45240 | -3/Section 7 | Entered Research 45240 | -2/Research | Evolved 2 slots: Utility x1, Weapon x1 45245 | -2/Research | Emitted hypermatrix ping 45250 | -2/Research | Assembled emerged from beneath the floor 45376 | -2/Research | Build established: Alien-Sigix 45540 | -2/Research | Assembled emerged from beneath the floor 45572 | -2/Research | Assembled emerged from beneath the floor 45640 | -2/Research | Discovered new exit (range 18) 45646 | -2/Research | Entered Access 45646 | -1/Access | Evolved 2 slots: Utility x2 45651 | -1/Access | Emitted hypermatrix ping 45653 | -1/Access | Identified exit to Command 45656 | -1/Access | Assembled emerged from beneath the floor 45747 | -1/Access | Entered Command 45752 | -1/Command | Emitted hypermatrix ping 45757 | -1/Command | Assembled emerged from beneath the floor 45849 | -1/Command | Spotted Combat Programmer 45853 | -1/Command | Destroyed Combat Programmer 45862 | -1/Command | Spotted Combat Programmer 45865 | -1/Command | Destroyed Combat Programmer 45897 | -1/Command | Spotted M Guard 45919 | -1/Command | Destroyed M Guard 45939 | -1/Command | Found Prototype Device 45939 | -1/Command | Identified AEGIS Remote Shield 46011 | -1/Command | Spotted M Guard 46017 | -1/Command | All MAIN.C guards destroyed 46028 | -1/Command | Found AEGIS Remote Shield 46090 | -1/Command | 0b10 Conduit disabled 46100 | -1/Command | Met MAIN.C 46221 | -1/Command | Sigix Exoskeleton integrity reduced to 80% 46230 | -1/Command | MAIN.C's shell transforms into a squad of autonomous robots 46230 | -1/Command | Destroyed MAIN.C Shell 46230 | -1/Command | Spotted M Shell/Def 46230 | -1/Command | Spotted M Shell/Atk 46230 | -1/Command | Spotted M Shell/Def 46230 | -1/Command | Spotted M Shell/Atk 46230 | -1/Command | Spotted M Shell/Atk 46230 | -1/Command | Spotted M Shell/Def 46230 | -1/Command | Spotted M Shell/Atk 46230 | -1/Command | Spotted M Shell/Def 46232 | -1/Command | MAIN.C activated Command garrisons 46242 | -1/Command | Used Terrabomb 46292 | -1/Command | Destroyed MAIN.C 46312 | -1/Command | Discovered new exit (range 56) 46312 | -1/Command | Discovered new exit (range 153) 46312 | -1/Command | Extracted map data and part IDs from MAIN.C's data core 46313 | -1/Command | Found Zero-point Reactor 47010 | -1/Command | Warped through subspace to slip node 47010 | -1/Command | Discovered new exit (range 5) 47014 | -1/Command | Entered Access_0 47015 | -1/Access_0 | Sensed 4 artifacts in vicinity 47016 | -1/Access_0 | Met Architect 47021 | -1/Access_0 | Destroyed A8 47040 | -1/Access_0 | Sigix Exoskeleton integrity reduced to 60% 47059 | -1/Access_0 | Used Subatomic Replicator to replicate Sigix Corpse 47061 | -1/Access_0 | Found Sigix Corpse 47073 | -1/Access_0 | Used Core Regenerator, restored core integrity (+400) 47085 | -1/Access_0 | Destroyed Architect 47086 | -1/Access_0 | Architect triggered a singularity event 47087 | -1/Access_0 | Extracted unknown sensor trigger ID from Architect's data core 47088 | -1/Access_0 | Found Hpw. Transdimensional Reconstructor 47088 | -1/Access_0 | Warped through subspace to slip node 47088 | -1/Access_0 | Discovered new exit (range 8) 47092 | *** | Escaped singularity! Last Messages --------------- 47083_ Destroyed Prototype Protection. 47084_ Extracted 256 energy. 47084_ Quantum Shear penetrates Earth. 47085_ Beam penetrates Architect. 47085_ Architect: "If I can't win, no one wins!" 47085_ Architect destroyed. 47086_ A0_COM: Initiating irreversible singularity event. Goodbye. 47086_ Extracted 130 energy. 47087_ A0_COM: 10. 47087_ Acquired 50 matter. 47087_ Acquired data core, extracted unknown sensor trigger ID. 47088_ A0_COM: 9. 47088_ Acquired Hpw. Transdimensional Reconstructor. 47088_ Warped through subspace, drawn to slip node. 47088_ EXIT=FOUND 47089_ A0_COM: 8. 47090_ A0_COM: 7. 47091_ A0_COM: 6. 47092_ A0_COM: 5. [Achievement: Planet Killer] Map ----- +----------------------------------------------------+ | | | | | | | | | | | | | | | | | | | | | | | | | | | | | | | | | ??????????#############################??????????? | | ?????????###############################?????????? | | ????????#################################????????? | | ????????#################################????????? | | ????????#################################????????? | | ???????###################################???????? | | ???????###################################???????? | | ???????################## ################???????? | | ???????################# ###############???????? | | ???????################# X ###############???????? | | ??????################## ################??????? | | ???????################ ###############???????? | | ???????################ ################???????? | | ??????################## ################??????? | | ???????################ ###############???????? | | ???????################ ################???????? | | ??????################# < ################??????? | | ???????################ ################???????? | | ???????################# ################???????? | | ???????###################################???????? | | ???????###################################???????? | | ???????###################################???????? | | ????????#################################????????? | | ????????#################################????????? | | ????????#################################????????? | | ?????????###############################?????????? | | ??????????#############################??????????? | | ??????????#############################??????????? | | ???????????###########################???????????? | | ????????????#########################????????????? | | ?????????????#######################?????????????? | | ???????????????###################???????????????? | | ????????????????#################????????????????? | | ???????????????????###########???????????????????? | +----------------------------------------------------+ Best States ------------- Heat Dissipation 150 Coolant Potential 120 Energy Generation 79 Energy Capacity 1950 Matter Stores 300 Matter Capacity 300 Sight Range 16 Terrain Scan Range 24 Terrain Scan Density 2010 Jamming Range 16 Additional Mass Support 20 Armor Coverage 2050 Resistance: KI 50 Resistance: TH 50 Resistance: EX 50 Resistance: EM 50 Resistance: I 50 Resistance: S 50 Resistance: P 50 Utility Shielding 66 Weapon Shielding 100 Weapon Cycling 25 Phase Shifting 15 Evasion (%) 74 Targeting Accuracy 20 Core Analysis 8 Recoil Reduction 4 Particle Charging 30 Offensive Hacking 14 Relay Coupler Types 1 Relay Coupler Value 32 Item Schematics ----------------- None Robot Schematics ------------------ None Fabricated ------------ Nothing Alien Tech Used ----------------- Integrated Reactor Transdimensional Reconstructor Core Reset Matrix Core Membrane LRC Storage LRC Boosters Sigix Exoskeleton Sigix Sheargun Core Cannon Terrabomb Subatomic Replicator Core Regenerator High-powered Transdimensional Reconstructor Achievements -------------- Planet Killer Challenges ------------ None Game ------ Seed GatlingSniperMicroactuators Manual? 0 Play Time 04:47:20 Cumulative 424.5 hours Start 2023.07.02 @ 11:47:32 End 2023.07.03 @ 11:05:21 Sessions 7 Manual Loads 0 Difficulty Rogue Special Mode None Game No. 500 Rogue 413 Adventurer 87 Explorer 0 Win Type 6 Total 22 Types 7/0/12/1/1/0/1/0/0 Lore% 85 Gallery% 90 Achievement% 73 Wizard Run 0 Options --------- ASCII 0 Keyboard 1 Movement Numpad Keybinds 0 Fullscreen 1 Font 18/SmallcapsGlow Map View 76x50 Tactical HUD 1 Map Filters NONE Filters NONE Steam 1 RUN: 610f5fda-93a5-4325-b44d-e4feb43e8d52